Workbook

Sheet ENCARREGADO
A2: O modelo a seguir deve ser obrigatoriamente observado por todos os órgãos ou entidades contratantes, podendo ser adaptado às eventuais disposições contrárias constantes em Lei, Acordos, Convenções e Dissídios Coletivos de Trabalho. Na hipótese de adaptação, os órgãos e entidades deverão validar as alterações junto à Secretaria de Estado de Planejamento e Gestão.
A4: Este modelo está arquitetado de acordo com a Instrução Normativa 01, de 17 de janeiro de 2020, da Secretaria de Estado de Planejamento e Gestão de Mato Grosso.
A6: Insira todas as informações necessárias nos campos editáveis destacados com esta cor
A8: PLANILHA DE CUSTOS E FORMAÇÃO DE PREÇOS
A9: MODELO PARA A CONSOLIDAÇÃO E APRESENTAÇÃO DE PROPOSTAS
A11: 1. DISCRIMINAÇÃO DOS SERVIÇOS (DADOS REFERENTES À CONTRATAÇÃO) | F11: Valor ou Percentual Fixo estipulado por Lei ou CCT
F12: Valor Varíável específico de cada Posto de Trabalho
A13: A | B13: Nº do Processo | C13: SEPLAG-PRO-2023/08936
A14: B | B14: Licitação Nº | C14: XXXXX / 2024
A15: C | B15: Data de apresentação da proposta (dia/mês/ano): | C15: XX / XX / 2024
A16: D | B16: Município/UF | C16: CUIABÁ/MT
A17: E | B17: Número de meses de execução contratual: | C17: 24
A18: F | B18: Tipo de Serviço (mesmo serviço com características distintas) | C18: ENCARREGADO - 40 HORAS SEMANAIS
A19: G | B19: Unidade de Medida | C19: POSTO
A20: H | B20: Classificação Brasileira de Ocupações (CBO) | C20: 4101-05
A21: I | B21: Salário Normativo da Categoria Profissional | C21: 0
A22: J | B22: Categoria Profissional (vinculada à execução contratual) | C22: SERVENTE DE LIMPEZA
A23: K | B23: Ano Acordo, Convenção ou Dissídio Coletivo | C23: 2024/2024
A24: L | B24: Nº de registro do Acordo, Convenção ou Dissídio Coletivo | C24: MT000075/2024
A25: M | B25: Data-Base da Categoria (dia/mês/ano) | C25: 45292
F27: Fórmulas trazidas pela CCT
A28: Módulo 1 - Composição da Remuneração | F28: Valores que podem Variar de empresa para empresa
A30: 1 | B30: Composição da Remuneração | C30: Percentual (%) | D30: Valor (R$)
A31: A | B31: Salário-Base | D31: =C21 -> 0
A32: B | B32: Outros (especificar)
A36: Total | D36: =SUM(D31:D35) -> 0
A39: Módulo 2 - Encargos, Benefícios (anuais, mensais e diários) e Intrajornada Suprimido
A41: BASE DE CÁLCULO PARA O MÓDULO 2.1: | C41: MÓDULO 1 | D41: =D36 -> 0
C42: TOTAL | D42: =SUM(D41:D41) -> 0
A44: Submódulo 2.1 - 13º (décimo terceiro) Salário, Férias e Adicional de Férias
A46: 2.1 | B46: 13º (décimo terceiro) Salário, Férias e Adicional de Férias | C46: Percentual (%) | D46: Valor (R$)
A47: A | B47: 13º (décimo terceiro) Salário | C47: =1/12 -> 0.083333333 | D47: =ROUND($D$42*C47,2) -> 0
A48: B | B48: Férias | C48: =1/12 -> 0.083333333 | D48: =ROUND($D$42*C48,2) -> 0
A49: C | B49: Adicional de Férias | C49: =100%/3/12 -> 0.027777778 | D49: =ROUND($D$42*C49,2) -> 0
A50: Total | D50: =SUM(D47:D49) -> 0
A53: BASE DE CÁLCULO PARA O MÓDULO 2.2: | C53: MÓDULO 1 | D53: =D36 -> 0
C54: MÓDULO 2.1 | D54: =D50 -> 0
C55: TOTAL | D55: =SUM(D53:D54) -> 0
A57: Submódulo 2.2 - Encargos Previdenciários (GPS), Fundo de Garantia por Tempo de Serviço (FGTS) e outras contribuições.
A59: 2.2 | B59: GPS, FGTS e outras contribuições | C59: Percentual (%) | D59: Valor (R$)
A60: A | B60: INSS | C60: 0.2 | D60: =ROUND($D$55*C60,2) -> 0
A61: B | B61: Salário Educação | C61: 0.025 | D61: =ROUND($D$55*C61,2) -> 0
A62: C | B62: RAT x FAP | C62: 0 | D62: =ROUND($D$55*C62,2) -> 0
A63: D | B63: SESC ou SESI | C63: 0.015 | D63: =ROUND($D$55*C63,2) -> 0
A64: E | B64: SENAI - SENAC | C64: 0.01 | D64: =ROUND($D$55*C64,2) -> 0
A65: F | B65: SEBRAE | C65: 0.006 | D65: =ROUND($D$55*C65,2) -> 0
A66: G | B66: INCRA | C66: 0.002 | D66: =ROUND($D$55*C66,2) -> 0
A67: H | B67: FGTS | C67: 0.08 | D67: =ROUND($D$55*C67,2) -> 0
A68: Total | C68: =SUM(C60:C67) -> 0.338 | D68: =SUM(D60:D67) -> 0
A71: Submódulo 2.3 - Benefícios Mensais e Diários.
A73: 2.3 | B73: Benefícios Mensais e Diários | D73: Valor (R$)
A74: A.1 | B74: Auxílio Transporte Bruto | D74: =2*0*21 -> 0
A75: A.2 | B75: (-) Dedução do Vale Transporte | D75: =IF(D74<=0,"0,00",IF(ROUND(D31*6%,2)>D74,D74,ROUND(D31*6%,2))) -> 0,00
A76: A.3 | B76: Auxílio Transporte Líquido ( A.1 - A.2 ) | D76: =D74-D75 -> 0
A77: B.1 | B77: Auxílio-Refeição/Alimentação Bruto | D77: =0*21 -> 0
A78: B.2 | B78: (-) Dedução do Auxílio-Refeição/Alimentação | D78: =ROUND(D77*5%,2) -> 0
A79: B.3 | B79: Auxílio-Refeição/Alimentação Líquido ( B.1 - B.2 ) | D79: =D77-D78 -> 0
A80: C | B80: Prêmio Cesta Básica - cláusula 9 | D80: 0
A81: D | B81: PCMSO | D81: 0
A82: E | B82: Provisão Prêmio Cesta Básica - cláusula 9 §7º | D82: =(D80/30*15)/12 -> 0
A83: Total ( A.3 + B.3 + C + D + E + ...) | D83: =SUM(D80:D82)+D76+D79 -> 0
A86: Submódulo 2.4 - Intrajornada Suprimido
A88: 2.4 | B88: Intrajornada Suprimido | D88: Valor (R$)
A89: A | B89: Intrajornada Suprimido
A90: Total | D90: =SUM(D89) -> 0
A93: Quadro-Resumo do Módulo 2 - Encargos, Benefícios (anuais, mensais e diários) e Intrajornada Suprimido
A95: 2 | B95: Encargos e Benefícios Anuais, Mensais e Diários e Intrajornada Suprimido | D95: Valor (R$)
A96: 2.1 | B96: 13º (décimo terceiro) Salário, Férias e Adicional de Férias | D96: =D50 -> 0
A97: 2.2 | B97: GPS, FGTS e outras contribuições | D97: =D68 -> 0
A98: 2.3 | B98: Benefícios Mensais e Diários | D98: =D83 -> 0
A99: 2.4 | B99: Intrajornada Suprimido | D99: =D90 -> 0
A100: Total | D100: =SUM(D96:D99) -> 0
A103: BASE DE CÁLCULO PARA O MÓDULO 3: | C103: MÓDULO 1 | D103: =D36 -> 0
C104: MÓDULO 2.1 | D104: =D50 -> 0
C105: TOTAL | D105: =SUM(D103:D104) -> 0
A107: Módulo 3 - Provisão para Rescisão
A109: 3 | B109: Provisão para Rescisão | C109: Percentual (%) | D109: Valor (R$)
A110: A | B110: Aviso Prévio Indenizado | C110: =1/12*5.55% -> 0.004625 | D110: =ROUND($D$105*C110,2) -> 0
A111: B | B111: Incidência do FGTS sobre o Aviso Prévio Indenizado | C111: =8%*C110 -> 0.00037 | D111: =ROUND($D$105*C111,2) -> 0
A112: C | B112: Multa do FGTS sobre o Aviso Prévio Indenizado | C112: =(8%*40%*5.55%) -> 0.001776 | D112: =ROUND($D$105*C112,2) -> 0
A113: D | B113: Aviso Prévio Trabalhado | C113: =(1/30*7)/12 -> 0.019444444 | D113: =ROUND($D$105*C113,2) -> 0
A114: E | B114: Incidência dos encargos do submódulo 2.2 sobre o Aviso Prévio Trabalhado | C114: =C68*C113 -> 0.0065722222 | D114: =ROUND($D$105*C114,2) -> 0
A115: F | B115: Multa do FGTS sobre o Aviso Prévio Trabalhado | C115: =((0.08*0.4)) -> 0.032 | D115: =ROUND($D$105*C115,2) -> 0
A116: Total | D116: =SUM(D110:D115) -> 0
A119: BASE DE CÁLCULO PARA O MÓDULO 4: MÓDULO 1 + MÓDULO 2.1 + (MÓDULO 2.3 - Aux. Transp. Liq. - Aux. Alimentação Liq.) + MÓDULO 3 | C119: MÓDULO 1 | D119: =D36 -> 0
C120: MÓDULO 2.1 | D120: =D50 -> 0
C121: MÓDULO 2.3* | D121: =D83-D76-D79 -> 0
C122: MÓDULO 3 | D122: =D116 -> 0
C123: TOTAL | D123: =SUM(D119:D122) -> 0
A125: Módulo 4 - Custo de Reposição do Profissional Ausente
A127: Submódulo 4.1 - Substituto nas Ausências Legais
A129: 4.1 | B129: Substituto nas Ausências Legais | C129: Percentual (%) | D129: Valor (R$)
A130: A | B130: Substituto na cobertura de Férias | C130: 0 | D130: =ROUND(C130*$D$123,2) -> 0
A131: B | B131: Substituto na cobertura de Ausências Legais | C131: =ROUND(5.96/365,5) -> 0.01633 | D131: =ROUND(C131*$D$123,2) -> 0
A132: C | B132: Substituto na cobertura de Licença-Paternidade | C132: =(5/30)/12*0.015 -> 0.00020833333 | D132: =ROUND(C132*$D$123,2) -> 0
A133: D | B133: Substituto na cobertura de Ausência por acidente de trabalho | C133: =15/30/12*8% -> 0.0033333333 | D133: =ROUND(C133*$D$123,2) -> 0
A134: E | B134: Substituto na cobertura de Afastamento Maternidade | C134: =0.02*(4/12)/12 -> 0.00055555556 | D134: =ROUND(C134*$D$123,2) -> 0
A135: F | B135: Outros (especificar)
A137: Total | C137: =SUM(C130:C135) -> 0.020427222 | D137: =SUM(D130:D136) -> 0
A139: Submódulo 4.2 - Incidências sobre o Substituto nas Ausências Legais
...

Sheet UNIFORME ENCARREGADO
A2: UNIFORME ENCARREGADO
A3: ITEM | B3: DESCRIÇÃO DO PRODUTO | F3: UNIDADE DE MEDIDA | G3: QTD ANUAL | H3: VALOR UNIT | I3: PREÇO TOTAL
A4: 1 | B4: Camisa tipo polo com mangas curtas e com logo da empresa pintado/bordado (o material não poderá ser transparente) | F4: unidade | G4: 4 | H4: 0 | I4: =H4*G4 -> 0
A5: 2 | B5: Calça confeccionadas em material resistente e não transparente | F5: unidade | G5: 4 | H5: 0 | I5: =H5*G5 -> 0
A6: 3 | B6: Pares de sapatos social | F6: par | G6: 2 | H6: 0 | I6: =H6*G6 -> 0
A7: 4 | B7: Pares de meia em algodão | F7: par | G7: 4 | H7: 0 | I7: =H7*G7 -> 0
A8: 5 | B8: Crachá de identificação funcional com impressões de foto, logo e informações adicionais | F8: unidade | G8: 1 | H8: 0 | I8: =H8*G8 -> 0
A9: TOTAL ANUAL POR FUNCIONÁRIO | I9: =SUM(I4:I8) -> 0
A10: TOTAL MENSAL POR FUNCIONÁRIO | I10: =I9/12 -> 0

Sheet SERV. LIMP. 40H
A2: O modelo a seguir deve ser obrigatoriamente observado por todos os órgãos ou entidades contratantes, podendo ser adaptado às eventuais disposições contrárias constantes em Lei, Acordos, Convenções e Dissídios Coletivos de Trabalho. Na hipótese de adaptação, os órgãos e entidades deverão validar as alterações junto à Secretaria de Estado de Planejamento e Gestão.
A4: Este modelo está arquitetado de acordo com a Instrução Normativa 01, de 17 de janeiro de 2020, da Secretaria de Estado de Planejamento e Gestão de Mato Grosso.
A6: Insira todas as informações necessárias nos campos editáveis destacados com esta cor
A8: PLANILHA DE CUSTOS E FORMAÇÃO DE PREÇOS
A9: MODELO PARA A CONSOLIDAÇÃO E APRESENTAÇÃO DE PROPOSTAS
A11: 1. DISCRIMINAÇÃO DOS SERVIÇOS (DADOS REFERENTES À CONTRATAÇÃO) | F11: Valor ou Percentual Fixo estipulado por Lei ou CCT
F12: Valor Varíável específico de cada Posto de Trabalho
A13: A | B13: Nº do Processo | C13: SEPLAG-PRO-2023/08936
A14: B | B14: Licitação Nº | C14: XXXXX / 2024
A15: C | B15: Data de apresentação da proposta (dia/mês/ano): | C15: XX / XX / 2024
A16: D | B16: Município/UF | C16: CUIABÁ/MT
A17: E | B17: Número de meses de execução contratual: | C17: 24
A18: F | B18: Tipo de Serviço (mesmo serviço com características distintas) | C18: SERVIÇO DE LIMPEZA - 40 HORAS SEMANAIS
A19: G | B19: Unidade de Medida | C19: POSTO
A20: H | B20: Classificação Brasileira de Ocupações (CBO) | C20: 5143-20
A21: I | B21: Salário Normativo da Categoria Profissional | C21: 0
A22: J | B22: Categoria Profissional (vinculada à execução contratual) | C22: SERVENTE DE LIMPEZA
A23: K | B23: Ano Acordo, Convenção ou Dissídio Coletivo | C23: 2024/2024
A24: L | B24: Nº de registro do Acordo, Convenção ou Dissídio Coletivo | C24: MT000075/2024
A25: M | B25: Data-Base da Categoria (dia/mês/ano) | C25: 45292
F27: Fórmulas trazidas pela CCT
A28: Módulo 1 - Composição da Remuneração | F28: Valores que podem Variar de empresa para empresa
A30: 1 | B30: Composição da Remuneração | C30: Percentual (%) | D30: Valor (R$)
A31: A | B31: Salário-Base | D31: =C21 -> 0
A32: B | B32: Gratificação por Assiduidade | D32: 0
A36: Total | D36: =SUM(D31:D35) -> 0
A39: Módulo 2 - Encargos, Benefícios (anuais, mensais e diários) e Intrajornada Suprimido
A41: BASE DE CÁLCULO PARA O MÓDULO 2.1: | C41: MÓDULO 1 | D41: =D36 -> 0
C42: TOTAL | D42: =SUM(D41:D41) -> 0
A44: Submódulo 2.1 - 13º (décimo terceiro) Salário, Férias e Adicional de Férias
A46: 2.1 | B46: 13º (décimo terceiro) Salário, Férias e Adicional de Férias | C46: Percentual (%) | D46: Valor (R$)
A47: A | B47: 13º (décimo terceiro) Salário | C47: =1/12 -> 0.083333333 | D47: =ROUND($D$42*C47,2) -> 0
A48: B | B48: Férias | C48: =1/12 -> 0.083333333 | D48: =ROUND($D$42*C48,2) -> 0
A49: C | B49: Adicional de Férias | C49: =100%/3/12 -> 0.027777778 | D49: =ROUND($D$42*C49,2) -> 0
A50: Total | D50: =SUM(D47:D49) -> 0
A53: BASE DE CÁLCULO PARA O MÓDULO 2.2: | C53: MÓDULO 1 | D53: =D36 -> 0
C54: MÓDULO 2.1 | D54: =D50 -> 0
C55: TOTAL | D55: =SUM(D53:D54) -> 0
A57: Submódulo 2.2 - Encargos Previdenciários (GPS), Fundo de Garantia por Tempo de Serviço (FGTS) e outras contribuições.
A59: 2.2 | B59: GPS, FGTS e outras contribuições | C59: Percentual (%) | D59: Valor (R$)
A60: A | B60: INSS | C60: 0.2 | D60: =ROUND($D$55*C60,2) -> 0
A61: B | B61: Salário Educação | C61: 0.025 | D61: =ROUND($D$55*C61,2) -> 0
A62: C | B62: RAT x FAP | C62: 0 | D62: =ROUND($D$55*C62,2) -> 0
A63: D | B63: SESC ou SESI | C63: 0.015 | D63: =ROUND($D$55*C63,2) -> 0
A64: E | B64: SENAI - SENAC | C64: 0.01 | D64: =ROUND($D$55*C64,2) -> 0
A65: F | B65: SEBRAE | C65: 0.006 | D65: =ROUND($D$55*C65,2) -> 0
A66: G | B66: INCRA | C66: 0.002 | D66: =ROUND($D$55*C66,2) -> 0
A67: H | B67: FGTS | C67: 0.08 | D67: =ROUND($D$55*C67,2) -> 0
A68: Total | C68: =SUM(C60:C67) -> 0.338 | D68: =SUM(D60:D67) -> 0
A71: Submódulo 2.3 - Benefícios Mensais e Diários.
A73: 2.3 | B73: Benefícios Mensais e Diários | D73: Valor (R$)
A74: A.1 | B74: Auxílio Transporte Bruto | D74: =2*0*21 -> 0
A75: A.2 | B75: (-) Dedução do Vale Transporte | D75: =IF(D74<=0,"0,00",IF(ROUND(D31*6%,2)>D74,D74,ROUND(D31*6%,2))) -> 0,00
A76: A.3 | B76: Auxílio Transporte Líquido ( A.1 - A.2 ) | D76: =D74-D75 -> 0
A77: B.1 | B77: Auxílio-Refeição/Alimentação Bruto | D77: =0*21 -> 0
A78: B.2 | B78: (-) Dedução do Auxílio-Refeição/Alimentação | D78: =ROUND(D77*5%,2) -> 0
A79: B.3 | B79: Auxílio-Refeição/Alimentação Líquido ( B.1 - B.2 ) | D79: =D77-D78 -> 0
A80: C | B80: Prêmio Cesta Básica - cláusula 9 | D80: 0
A81: D | B81: PCMSO | D81: 0
A82: E | B82: Provisão Prêmio Cesta Básica - cláusula 9 §7º | D82: =(D80/30*15)/12 -> 0
A83: Total ( A.3 + B.3 + C + D + E + ...) | D83: =SUM(D80:D82)+D76+D79 -> 0
A86: Submódulo 2.4 - Intrajornada Suprimido
A88: 2.4 | B88: Intrajornada Suprimido | D88: Valor (R$)
A89: A | B89: Intrajornada Suprimido
A90: Total | D90: =SUM(D89) -> 0
A93: Quadro-Resumo do Módulo 2 - Encargos, Benefícios (anuais, mensais e diários) e Intrajornada Suprimido
A95: 2 | B95: Encargos e Benefícios Anuais, Mensais e Diários e Intrajornada Suprimido | D95: Valor (R$)
A96: 2.1 | B96: 13º (décimo terceiro) Salário, Férias e Adicional de Férias | D96: =D50 -> 0
A97: 2.2 | B97: GPS, FGTS e outras contribuições | D97: =D68 -> 0
A98: 2.3 | B98: Benefícios Mensais e Diários | D98: =D83 -> 0
A99: 2.4 | B99: Intrajornada Suprimido | D99: =D90 -> 0
A100: Total | D100: =SUM(D96:D99) -> 0
A103: BASE DE CÁLCULO PARA O MÓDULO 3: | C103: MÓDULO 1 | D103: =D36 -> 0
C104: MÓDULO 2.1 | D104: =D50 -> 0
C105: TOTAL | D105: =SUM(D103:D104) -> 0
A107: Módulo 3 - Provisão para Rescisão
A109: 3 | B109: Provisão para Rescisão | C109: Percentual (%) | D109: Valor (R$)
A110: A | B110: Aviso Prévio Indenizado | C110: =1/12*5.55% -> 0.004625 | D110: =ROUND($D$105*C110,2) -> 0
A111: B | B111: Incidência do FGTS sobre o Aviso Prévio Indenizado | C111: =8%*C110 -> 0.00037 | D111: =ROUND($D$105*C111,2) -> 0
A112: C | B112: Multa do FGTS sobre o Aviso Prévio Indenizado | C112: =(8%*40%*5.55%) -> 0.001776 | D112: =ROUND($D$105*C112,2) -> 0
A113: D | B113: Aviso Prévio Trabalhado | C113: =(1/30*7)/12 -> 0.019444444 | D113: =ROUND($D$105*C113,2) -> 0
A114: E | B114: Incidência dos encargos do submódulo 2.2 sobre o Aviso Prévio Trabalhado | C114: =C68*C113 -> 0.0065722222 | D114: =ROUND($D$105*C114,2) -> 0
A115: F | B115: Multa do FGTS sobre o Aviso Prévio Trabalhado | C115: =((0.08*0.4)) -> 0.032 | D115: =ROUND($D$105*C115,2) -> 0
A116: Total | D116: =SUM(D110:D115) -> 0
A119: BASE DE CÁLCULO PARA O MÓDULO 4: MÓDULO 1 + MÓDULO 2.1 + (MÓDULO 2.3 - Aux. Transp. Liq. - Aux. Alimentação Liq.) + MÓDULO 3 | C119: MÓDULO 1 | D119: =D36 -> 0
C120: MÓDULO 2.1 | D120: =D50 -> 0
C121: MÓDULO 2.3* | D121: =D83-D76-D79 -> 0
C122: MÓDULO 3 | D122: =D116 -> 0
C123: TOTAL | D123: =SUM(D119:D122) -> 0
A125: Módulo 4 - Custo de Reposição do Profissional Ausente
A127: Submódulo 4.1 - Substituto nas Ausências Legais
A129: 4.1 | B129: Substituto nas Ausências Legais | C129: Percentual (%) | D129: Valor (R$)
A130: A | B130: Substituto na cobertura de Férias | C130: 0 | D130: =ROUND(C130*$D$123,2) -> 0
A131: B | B131: Substituto na cobertura de Ausências Legais | C131: =ROUND(5.96/365,5) -> 0.01633 | D131: =ROUND(C131*$D$123,2) -> 0
A132: C | B132: Substituto na cobertura de Licença-Paternidade | C132: =(5/30)/12*0.015 -> 0.00020833333 | D132: =ROUND(C132*$D$123,2) -> 0
A133: D | B133: Substituto na cobertura de Ausência por acidente de trabalho | C133: =15/30/12*8% -> 0.0033333333 | D133: =ROUND(C133*$D$123,2) -> 0
A134: E | B134: Substituto na cobertura de Afastamento Maternidade | C134: =0.02*(4/12)/12 -> 0.00055555556 | D134: =ROUND(C134*$D$123,2) -> 0
A135: F | B135: Outros (especificar)
A137: Total | C137: =SUM(C130:C135) -> 0.020427222 | D137: =SUM(D130:D136) -> 0
A139: Submódulo 4.2 - Incidências sobre o Substituto nas Ausências Legais
...

Sheet SERV. LIMP. 30H
A2: O modelo a seguir deve ser obrigatoriamente observado por todos os órgãos ou entidades contratantes, podendo ser adaptado às eventuais disposições contrárias constantes em Lei, Acordos, Convenções e Dissídios Coletivos de Trabalho. Na hipótese de adaptação, os órgãos e entidades deverão validar as alterações junto à Secretaria de Estado de Planejamento e Gestão.
A4: Este modelo está arquitetado de acordo com a Instrução Normativa 01, de 17 de janeiro de 2020, da Secretaria de Estado de Planejamento e Gestão de Mato Grosso.
A6: Insira todas as informações necessárias nos campos editáveis destacados com esta cor
A8: PLANILHA DE CUSTOS E FORMAÇÃO DE PREÇOS
A9: MODELO PARA A CONSOLIDAÇÃO E APRESENTAÇÃO DE PROPOSTAS
A11: 1. DISCRIMINAÇÃO DOS SERVIÇOS (DADOS REFERENTES À CONTRATAÇÃO) | F11: Valor ou Percentual Fixo estipulado por Lei ou CCT
F12: Valor Varíável específico de cada Posto de Trabalho
A13: A | B13: Nº do Processo | C13: SEPLAG-PRO-2023/08936
A14: B | B14: Licitação Nº | C14: XXXXX / 2024
A15: C | B15: Data de apresentação da proposta (dia/mês/ano): | C15: XX / XX / 2024
A16: D | B16: Município/UF | C16: CUIABÁ/MT
A17: E | B17: Número de meses de execução contratual: | C17: 24
A18: F | B18: Tipo de Serviço (mesmo serviço com características distintas) | C18: SERVIÇO DE LIMPEZA - 30 HORAS SEMANAIS
A19: G | B19: Unidade de Medida | C19: POSTO
A20: H | B20: Classificação Brasileira de Ocupações (CBO) | C20: 5143-20
A21: I | B21: Salário Normativo da Categoria Profissional | C21: 0
A22: J | B22: Categoria Profissional (vinculada à execução contratual) | C22: SERVENTE DE LIMPEZA
A23: K | B23: Ano Acordo, Convenção ou Dissídio Coletivo | C23: 2024/2024
A24: L | B24: Nº de registro do Acordo, Convenção ou Dissídio Coletivo | C24: MT000075/2024
A25: M | B25: Data-Base da Categoria (dia/mês/ano) | C25: 45292
F27: Fórmulas trazidas pela CCT
A28: Módulo 1 - Composição da Remuneração | F28: Valores que podem Variar de empresa para empresa
A30: 1 | B30: Composição da Remuneração | C30: Percentual (%) | D30: Valor (R$)
A31: A | B31: Salário-Base | D31: =C21 -> 0
A32: B | B32: Gratificação por Assiduidade | D32: 0
A36: Total | D36: =SUM(D31:D35) -> 0
A39: Módulo 2 - Encargos, Benefícios (anuais, mensais e diários) e Intrajornada Suprimido
A41: BASE DE CÁLCULO PARA O MÓDULO 2.1: | C41: MÓDULO 1 | D41: =D36 -> 0
C42: TOTAL | D42: =SUM(D41:D41) -> 0
A44: Submódulo 2.1 - 13º (décimo terceiro) Salário, Férias e Adicional de Férias
A46: 2.1 | B46: 13º (décimo terceiro) Salário, Férias e Adicional de Férias | C46: Percentual (%) | D46: Valor (R$)
A47: A | B47: 13º (décimo terceiro) Salário | C47: =1/12 -> 0.083333333 | D47: =ROUND($D$42*C47,2) -> 0
A48: B | B48: Férias | C48: =1/12 -> 0.083333333 | D48: =ROUND($D$42*C48,2) -> 0
A49: C | B49: Adicional de Férias | C49: =100%/3/12 -> 0.027777778 | D49: =ROUND($D$42*C49,2) -> 0
A50: Total | D50: =SUM(D47:D49) -> 0
A53: BASE DE CÁLCULO PARA O MÓDULO 2.2: | C53: MÓDULO 1 | D53: =D36 -> 0
C54: MÓDULO 2.1 | D54: =D50 -> 0
C55: TOTAL | D55: =SUM(D53:D54) -> 0
A57: Submódulo 2.2 - Encargos Previdenciários (GPS), Fundo de Garantia por Tempo de Serviço (FGTS) e outras contribuições.
A59: 2.2 | B59: GPS, FGTS e outras contribuições | C59: Percentual (%) | D59: Valor (R$)
A60: A | B60: INSS | C60: 0.2 | D60: =ROUND($D$55*C60,2) -> 0
A61: B | B61: Salário Educação | C61: 0.025 | D61: =ROUND($D$55*C61,2) -> 0
A62: C | B62: RAT x FAP | C62: 0 | D62: =ROUND($D$55*C62,2) -> 0
A63: D | B63: SESC ou SESI | C63: 0.015 | D63: =ROUND($D$55*C63,2) -> 0
A64: E | B64: SENAI - SENAC | C64: 0.01 | D64: =ROUND($D$55*C64,2) -> 0
A65: F | B65: SEBRAE | C65: 0.006 | D65: =ROUND($D$55*C65,2) -> 0
A66: G | B66: INCRA | C66: 0.002 | D66: =ROUND($D$55*C66,2) -> 0
A67: H | B67: FGTS | C67: 0.08 | D67: =ROUND($D$55*C67,2) -> 0
A68: Total | C68: =SUM(C60:C67) -> 0.338 | D68: =SUM(D60:D67) -> 0
A71: Submódulo 2.3 - Benefícios Mensais e Diários.
A73: 2.3 | B73: Benefícios Mensais e Diários | D73: Valor (R$)
A74: A.1 | B74: Auxílio Transporte Bruto | D74: =2*0*21 -> 0
A75: A.2 | B75: (-) Dedução do Vale Transporte | D75: =IF(D74<=0,"0,00",IF(ROUND(D31*6%,2)>D74,D74,ROUND(D31*6%,2))) -> 0,00
A76: A.3 | B76: Auxílio Transporte Líquido ( A.1 - A.2 ) | D76: =D74-D75 -> 0
A77: B.1 | B77: Auxílio-Refeição/Alimentação Bruto | D77: =0*21 -> 0
A78: B.2 | B78: (-) Dedução do Auxílio-Refeição/Alimentação | D78: =D77*0.05 -> 0
A79: B.3 | B79: Auxílio-Refeição/Alimentação Líquido ( B.1 - B.2 ) | D79: =D77-D78 -> 0
A80: C | B80: Prêmio Cesta Básica - cláusula 9 | D80: 0
A81: D | B81: PCMSO | D81: 0
B82: Provisão Prêmio Cesta Básica -cláusula 9 §7º | D82: =(D80/30*15)/12 -> 0
A83: Total ( A.3 + B.3 + C + D + E + ...) | D83: =SUM(D80:D82)+D76+D79 -> 0
A86: Submódulo 2.4 - Intrajornada Suprimido
A88: 2.4 | B88: Intrajornada Suprimido | D88: Valor (R$)
A89: A | B89: Intrajornada Suprimido
A90: Total | D90: =SUM(D89) -> 0
A93: Quadro-Resumo do Módulo 2 - Encargos, Benefícios (anuais, mensais e diários) e Intrajornada Suprimido
A95: 2 | B95: Encargos e Benefícios Anuais, Mensais e Diários e Intrajornada Suprimido | D95: Valor (R$)
A96: 2.1 | B96: 13º (décimo terceiro) Salário, Férias e Adicional de Férias | D96: =D50 -> 0
A97: 2.2 | B97: GPS, FGTS e outras contribuições | D97: =D68 -> 0
A98: 2.3 | B98: Benefícios Mensais e Diários | D98: =D83 -> 0
A99: 2.4 | B99: Intrajornada Suprimido | D99: =D90 -> 0
A100: Total | D100: =SUM(D96:D99) -> 0
A103: BASE DE CÁLCULO PARA O MÓDULO 3: | C103: MÓDULO 1 | D103: =D36 -> 0
C104: MÓDULO 2.1 | D104: =D50 -> 0
C105: TOTAL | D105: =SUM(D103:D104) -> 0
A107: Módulo 3 - Provisão para Rescisão
A109: 3 | B109: Provisão para Rescisão | C109: Percentual (%) | D109: Valor (R$)
A110: A | B110: Aviso Prévio Indenizado | C110: =1/12*5.55% -> 0.004625 | D110: =ROUND($D$105*C110,2) -> 0
A111: B | B111: Incidência do FGTS sobre o Aviso Prévio Indenizado | C111: =8%*C110 -> 0.00037 | D111: =ROUND($D$105*C111,2) -> 0
A112: C | B112: Multa do FGTS sobre o Aviso Prévio Indenizado | C112: =(8%*40%*5.55%) -> 0.001776 | D112: =ROUND($D$105*C112,2) -> 0
A113: D | B113: Aviso Prévio Trabalhado | C113: =(1/30*7)/12 -> 0.019444444 | D113: =ROUND($D$105*C113,2) -> 0
A114: E | B114: Incidência dos encargos do submódulo 2.2 sobre o Aviso Prévio Trabalhado | C114: =C68*C113 -> 0.0065722222 | D114: =ROUND($D$105*C114,2) -> 0
A115: F | B115: Multa do FGTS sobre o Aviso Prévio Trabalhado | C115: =((0.08*0.4)) -> 0.032 | D115: =ROUND($D$105*C115,2) -> 0
A116: Total | D116: =SUM(D110:D115) -> 0
A119: BASE DE CÁLCULO PARA O MÓDULO 4: MÓDULO 1 + MÓDULO 2.1 + (MÓDULO 2.3 - Aux. Transp. Liq. - Aux. Alimentação Liq.) + MÓDULO 3 | C119: MÓDULO 1 | D119: =D36 -> 0
C120: MÓDULO 2.1 | D120: =D50 -> 0
C121: MÓDULO 2.3* | D121: =D83-D76-D79 -> 0
C122: MÓDULO 3 | D122: =D116 -> 0
C123: TOTAL | D123: =SUM(D119:D122) -> 0
A125: Módulo 4 - Custo de Reposição do Profissional Ausente
A127: Submódulo 4.1 - Substituto nas Ausências Legais
A129: 4.1 | B129: Substituto nas Ausências Legais | C129: Percentual (%) | D129: Valor (R$)
A130: A | B130: Substituto na cobertura de Férias | C130: 0 | D130: =ROUND(C130*$D$123,2) -> 0
A131: B | B131: Substituto na cobertura de Ausências Legais | C131: =ROUND(5.96/365,5) -> 0.01633 | D131: =ROUND(C131*$D$123,2) -> 0
A132: C | B132: Substituto na cobertura de Licença-Paternidade | C132: =(5/30)/12*0.015 -> 0.00020833333 | D132: =ROUND(C132*$D$123,2) -> 0
A133: D | B133: Substituto na cobertura de Ausência por acidente de trabalho | C133: =15/30/12*8% -> 0.0033333333 | D133: =ROUND(C133*$D$123,2) -> 0
A134: E | B134: Substituto na cobertura de Afastamento Maternidade | C134: =0.02*(4/12)/12 -> 0.00055555556 | D134: =ROUND(C134*$D$123,2) -> 0
A135: F | B135: Outros (especificar)
A137: Total | C137: =SUM(C130:C135) -> 0.020427222 | D137: =SUM(D130:D136) -> 0
A139: Submódulo 4.2 - Incidências sobre o Substituto nas Ausências Legais
...

Sheet UNIFORME SERVENTE
A1: UNIFORME SERVENTE DE LIMPEZA
A2: ITEM | B2: DESCRIÇÃO DO PRODUTO | F2: UNIDADE DE MEDIDA | G2: QTD ANUAL | H2: VALOR UNIT | I2: PREÇO TOTAL
A3: 1 | B3: Camiseta de malha fria, com mangas curtas, com logo da empresa pintado/bordado (o material não poderá ser transparente) | F3: unidade | G3: 4 | H3: 0 | I3: =H3*G3 -> 0
A4: 2 | B4: Calças confeccionadas em material resistente e não transparente | F4: unidade | G4: 4 | H4: 0 | I4: =H4*G4 -> 0
A5: 3 | B5: Pares de sapatos profissional antiderrapante, adequado para a realização de serviços de limpeza e conservação | F5: par | G5: 2 | H5: 0 | I5: =H5*G5 -> 0
A6: 4 | B6: Pares meias em algodão | F6: par | G6: 4 | H6: 0 | I6: =H6*G6 -> 0
A7: 5 | B7: Crachá de identificação funcional com impressão de foto, logo e informações adicionais | F7: unidade | G7: 1 | H7: 0 | I7: =H7*G7 -> 0
A8: 6 | B8: Pares Luva de látex | F8: par | G8: 12 | H8: 0 | I8: =H8*G8 -> 0
A9: TOTAL ANUAL POR FUNCIONÁRIO | I9: =SUM(I3:I8) -> 0
A10: TOTAL MENSAL POR FUNCIONÁRIO | I10: =(I9/12)*1.1131 -> 0
E22: ,

Sheet MATERIAL DE LIMPEZA SERVENTE
A1: ESTIMATIVA DE CONSUMO DE INSUMOS DE LIMPEZA A SEREM FORNECIDOS MENSALMENTE PARA SERVENTE DE LIMPEZA | B1: UNIDADE DE FORNECIMENTO | C1: COEFICIENTE MÉDIO | E1: VALOR UNITÁRIO | F1: VALOR TOTAL
A2: Agua sanitária / Hipoclorito - (5L) | B2: gl | C2: 0.94 | E2: 0 | F2: =E2*C2 -> 0
A3: Álcool comum - (1L) | B3: litro | C3: 1.19 | E3: 0 | F3: =E3*C3 -> 0
A4: Álcool gel - (1L) | B4: litro | C4: 0.27 | E4: 0 | F4: =E4*C4 -> 0
A5: Bisnaga Preta para emborrachado ( 300 ml) | B5: unidade | C5: 0.21 | E5: 0 | F5: =E5*C5 -> 0
A6: Cera Inglesa - (5L) | B6: gl | C6: 0.25 | E6: 0 | F6: =E6*C6 -> 0
A7: Detergente neutro -( 5L) | B7: gl | C7: 0.51 | E7: 0 | F7: =E7*C7 -> 0
A8: Desinfetante concentrado - (5L) | B8: gl | C8: 0.83 | E8: 0 | F8: =E8*C8 -> 0
A9: Esponja de aço | B9: pacote c/8 | C9: 0.16 | E9: 0 | F9: =E9*C9 -> 0
A10: Esponja dupla face | B10: unidade | C10: 1.18 | E10: 0 | F10: =E10*C10 -> 0
A11: Fibra para enceradeira de, no mínimo 350mm | B11: unidade | C11: 0.47 | E11: 0 | F11: =E11*C11 -> 0
A12: Impermeabilizante para piso -( 1L) | B12: litro | C12: 0.86 | E12: 0 | F12: =E12*C12 -> 0
A13: Limpador multiuso - (500 ml) | B13: unidade | C13: 0.44 | E13: 0 | F13: =E13*C13 -> 0
... A33: Saponáceo líquido (sapólio) - (300ml) | B33: unidade | C33: 0.5 | E33: 0 | F33: =E33*C33 -> 0
A34: VALOR TOTAL | F34: =SUM(F2:F33) -> 0
A35: VALOR TOTAL POR FUNCIONÁRIO MENSAL | F35: =F34*1.1131 -> 0
A37: MATERIAIS DE APOIO PARA SERVENTE DE LIMPEZA | B37: UNIDADE DE FORNECIMENTO | C37: COEFICIENTE MÉDIO | E37: VALOR UNITÁRIO | F37: VALOR TOTAL
A38: Balde de 10 a 20lts | B38: unidade | C38: 0.06 | E38: 0 | F38: =E38*C38 -> 0
A39: Borrifador de água | B39: unidade | C39: 0.14 | E39: 0 | F39: =E39*C39 -> 0
A40: Desentupidor de pia | B40: unidade | C40: 0.03 | E40: 0 | F40: =E40*C40 -> 0
A41: Desentupidor de vaso | B41: unidade | C41: 0.03 | E41: 0 | F41: =E41*C41 -> 0
A42: Escova com cerdas de nylon | B42: unidade | C42: 0.05 | E42: 0 | F42: =E42*C42 -> 0
A43: Extensão elétrica de 100 metros | B43: unidade | C43: 0.01 | E43: 0 | F43: =E43*C43 -> 0
A44: Mangueira de borracha 3/4 nylon trançado | B44: metros | C44: 1.15 | E44: 0 | F44: =E44*C44 -> 0
A45: Mops para limpeza de pisos e vidros | B45: unidade | C45: 0.03 | E45: 0 | F45: =E45*C45 -> 0
A46: Pá de lixo | B46: unidade | C46: 0.07 | E46: 0 | F46: =E46*C46 -> 0
A47: Pá de lixo com recipiente e cabo | B47: unidade | C47: 0.03 | E47: 0 | F47: =E47*C47 -> 0
A48: Placa sinalizadora de piso | B48: unidade | C48: 0.03 | E48: 0 | F48: =E48*C48 -> 0
A49: Refil de mop para limpeza de pisos e vidros | B49: unidade | C49: 0.14 | E49: 0 | F49: =E49*C49 -> 0
... A55: Vassoura para limpeza de teto com cabo estendível | B55: unidade | C55: 0.14 | E55: 0 | F55: =E55*C55 -> 0
A56: VALOR TOTAL | F56: =SUM(F38:F55) -> 0
A57: VALOR TOTAL POR FUNCIONÁRIO MENSAL | F57: =F56*1.1131 -> 0

Sheet EQUIPAMENTO SERVENTE
A1: RELAÇÃO DOS EQUIPAMENTOS DE APOIO A SEREM FORNECIDOS NO INÍCIO DO CONTRATO AOS SERVENTES DE LIMPEZA | B1: UNIDADE DE FORNECIMENTO | C1: COEFICIENTE MÉDIO | E1: VALOR UNITÁRIO | F1: VALOR TOTAL
A2: Aspirador de Pó e água tipo industrial entre 1200W a 1600W | B2: UNIDADE | C2: 0.07 | E2: 0 | F2: =E2*C2 -> 0
A3: Balde com espremedor, para mop água com capacidade de 30 litros | B3: UNIDADE | C3: 0.25 | E3: 0 | F3: =E3*C3 -> 0
A4: Carro funcional para transporte de materiais e equipamentos de limpeza, confeccionado em polipropileno, capacidade mínima de 70 litros, com compartimentos para balde, vassoura, produtos de limpeza, saco de lixo, etc. | B4: UNIDADE | C4: 0.24 | E4: 0 | F4: =E4*C4 -> 0
A5: Container 120 litros com rodinha para transporte de lixo | B5: UNIDADE | C5: 0.07 | E5: 0 | F5: =E5*C5 -> 0
A6: Container 240 litros com rodinha para transporte de lixo | B6: UNIDADE | C6: 0.07 | E6: 0 | F6: =E6*C6 -> 0
A7: Container 430 litros para coleta seletiva – 2 divisórias - com rodinha para transporte | B7: UNIDADE | C7: 0.07 | E7: 0 | F7: =E7*C7 -> 0
A8: Carro de mão com caçamba de polietileno, roda de pneu – 90 litros | B8: UNIDADE | C8: 0.05 | E8: 0 | F8: =E8*C8 -> 0
A9: Enceradeira Industrial de , no mínimo 350mm | B9: UNIDADE | C9: 0.17 | E9: 0 | F9: =E9*C9 -> 0
A10: Escada tipo banqueta – 7 degraus | B10: UNIDADE | C10: 0.08 | E10: 0 | F10: =E10*C10 -> 0
A11: Escada dobrável/extensiva 06/12 degraus | B11: UNIDADE | C11: 0.03 | E11: 0 | F11: =E11*C11 -> 0
A12: Lavadora de alta pressão potência mínima de 2.000W | B12: UNIDADE | C12: 0.03 | E12: 0 | F12: =E12*C12 -> 0
A14: VALOR TOTAL POR FUNCIONÁRIO MENSAL | F14: =SUM(F2:F13) -> 0
A15: MANUTENÇÃO | D15: 0.005 | E15: =F14*D15 -> 0
A16: DEPRECIAÇÃO | D16: =0.8/96 -> 0.0083333333 | E16: =F14*D16 -> 0
A17: VALOR FINAL A SER LANÇADO NA PLANILHA | E17: =SUM(E15:E16)*1.1131 -> 0
A19: RELAÇÃO DOS EQUIPAMENTOS DE APOIO A SEREM FORNECIDOS NO INÍCIO DO CONTRATO | B19: UNIDADE DE FORNECIMENTO | C19: QUANTIDADE | E19: VALOR UNITÁRIO | F19: VALOR TOTAL
A20: Dispenser de papel higiênico | B20: UNIDADE | C20: 2382 | E20: 0 | F20: =E20*C20 -> 0
A21: Dispenser de papel toalha | B21: UNIDADE | C21: 1191 | E21: 0 | F21: =E21*C21 -> 0
A22: Dispenser de sabonete líquido | B22: UNIDADE | C22: 1191 | E22: 0 | F22: =E22*C22 -> 0
A23: VALOR TOTAL POR FUNCIONÁRIO MENSAL | F23: =F20+F21+F22 -> 0
A24: MANUTENÇÃO | D24: 0.005 | E24: =F23*D24 -> 0
A25: DEPRECIAÇÃO | D25: =0.8/96 -> 0.0083333333 | E25: =F23*D25 -> 0
A26: VALOR FINAL | E26: =SUM(E24:E25) -> 0
A27: QUANTIDADE DE SERVENTES | D27: 734
A28: RATEIO POR SERVENTES A SER LANÇADO NA PLANILHA | E28: =(E26/D27)*1.1131 -> 0

Sheet JARDINEIRO 40H
A2: O modelo a seguir deve ser obrigatoriamente observado por todos os órgãos ou entidades contratantes, podendo ser adaptado às eventuais disposições contrárias constantes em Lei, Acordos, Convenções e Dissídios Coletivos de Trabalho. Na hipótese de adaptação, os órgãos e entidades deverão validar as alterações junto à Secretaria de Estado de Planejamento e Gestão.
A4: Este modelo está arquitetado de acordo com a Instrução Normativa 01, de 17 de janeiro de 2020, da Secretaria de Estado de Planejamento e Gestão de Mato Grosso.
A6: Insira todas as informações necessárias nos campos editáveis destacados com esta cor
A8: PLANILHA DE CUSTOS E FORMAÇÃO DE PREÇOS
A9: MODELO PARA A CONSOLIDAÇÃO E APRESENTAÇÃO DE PROPOSTAS
A11: 1. DISCRIMINAÇÃO DOS SERVIÇOS (DADOS REFERENTES À CONTRATAÇÃO) | F11: Valor ou Percentual Fixo estipulado por Lei ou CCT
F12: Valor Varíável específico de cada Posto de Trabalho
A13: A | B13: Nº do Processo | C13: SEPLAG-PRO-2023/08936
A14: B | B14: Licitação Nº | C14: XXXXX / 2024
A15: C | B15: Data de apresentação da proposta (dia/mês/ano): | C15: XX / XX / 2024
A16: D | B16: Município/UF | C16: CUIABÁ/MT
A17: E | B17: Número de meses de execução contratual: | C17: 24
A18: F | B18: Tipo de Serviço (mesmo serviço com características distintas) | C18: JARDINEIRO - 40 HORAS SEMANAIS
A19: G | B19: Unidade de Medida | C19: POSTO
A20: H | B20: Classificação Brasileira de Ocupações (CBO) | C20: 6220-10
A21: I | B21: Salário Normativo da Categoria Profissional | C21: 0
A22: J | B22: Categoria Profissional (vinculada à execução contratual) | C22: JARDINEIRO
A23: K | B23: Ano Acordo, Convenção ou Dissídio Coletivo | C23: 2024/2024
A24: L | B24: Nº de registro do Acordo, Convenção ou Dissídio Coletivo | C24: MT000075/2024
A25: M | B25: Data-Base da Categoria (dia/mês/ano) | C25: 45292
F27: Fórmulas trazidas pela CCT
A28: Módulo 1 - Composição da Remuneração | F28: Valores que podem Variar de empresa para empresa
A30: 1 | B30: Composição da Remuneração | C30: Percentual (%) | D30: Valor (R$)
A31: A | B31: Salário-Base | D31: =C21 -> 0
A32: B | B32: Gratificação por Assiduidade | D32: 0
A36: Total | D36: =SUM(D31:D35) -> 0
A39: Módulo 2 - Encargos, Benefícios (anuais, mensais e diários) e Intrajornada Suprimido
A41: BASE DE CÁLCULO PARA O MÓDULO 2.1: | C41: MÓDULO 1 | D41: =D36 -> 0
C42: TOTAL | D42: =SUM(D41:D41) -> 0
A44: Submódulo 2.1 - 13º (décimo terceiro) Salário, Férias e Adicional de Férias
A46: 2.1 | B46: 13º (décimo terceiro) Salário, Férias e Adicional de Férias | C46: Percentual (%) | D46: Valor (R$)
A47: A | B47: 13º (décimo terceiro) Salário | C47: =1/12 -> 0.083333333 | D47: =ROUND($D$42*C47,2) -> 0
A48: B | B48: Férias | C48: =1/12 -> 0.083333333 | D48: =ROUND($D$42*C48,2) -> 0
A49: C | B49: Adicional de Férias | C49: =100%/3/12 -> 0.027777778 | D49: =ROUND($D$42*C49,2) -> 0
A50: Total | D50: =SUM(D47:D49) -> 0
A53: BASE DE CÁLCULO PARA O MÓDULO 2.2: | C53: MÓDULO 1 | D53: =D36 -> 0
C54: MÓDULO 2.1 | D54: =D50 -> 0
C55: TOTAL | D55: =SUM(D53:D54) -> 0
A57: Submódulo 2.2 - Encargos Previdenciários (GPS), Fundo de Garantia por Tempo de Serviço (FGTS) e outras contribuições.
A59: 2.2 | B59: GPS, FGTS e outras contribuições | C59: Percentual (%) | D59: Valor (R$)
A60: A | B60: INSS | C60: 0.2 | D60: =ROUND($D$55*C60,2) -> 0
A61: B | B61: Salário Educação | C61: 0.025 | D61: =ROUND($D$55*C61,2) -> 0
A62: C | B62: RAT x FAP | C62: 0 | D62: =ROUND($D$55*C62,2) -> 0
A63: D | B63: SESC ou SESI | C63: 0.015 | D63: =ROUND($D$55*C63,2) -> 0
A64: E | B64: SENAI - SENAC | C64: 0.01 | D64: =ROUND($D$55*C64,2) -> 0
A65: F | B65: SEBRAE | C65: 0.006 | D65: =ROUND($D$55*C65,2) -> 0
A66: G | B66: INCRA | C66: 0.002 | D66: =ROUND($D$55*C66,2) -> 0
A67: H | B67: FGTS | C67: 0.08 | D67: =ROUND($D$55*C67,2) -> 0
A68: Total | C68: =SUM(C60:C67) -> 0.338 | D68: =SUM(D60:D67) -> 0
A71: Submódulo 2.3 - Benefícios Mensais e Diários.
A73: 2.3 | B73: Benefícios Mensais e Diários | D73: Valor (R$)
A74: A.1 | B74: Auxílio Transporte Bruto | D74: =2*0*21 -> 0
A75: A.2 | B75: (-) Dedução do Vale Transporte | D75: =IF(D74<=0,"0,00",IF(ROUND(D31*6%,2)>D74,D74,ROUND(D31*6%,2))) -> 0,00
A76: A.3 | B76: Auxílio Transporte Líquido ( A.1 - A.2 ) | D76: =D74-D75 -> 0
A77: B.1 | B77: Auxílio-Refeição/Alimentação Bruto | D77: =0*21 -> 0
A78: B.2 | B78: (-) Dedução do Auxílio-Refeição/Alimentação | D78: =D77*0.05 -> 0
A79: B.3 | B79: Auxílio-Refeição/Alimentação Líquido ( B.1 - B.2 ) | D79: =D77-D78 -> 0
A80: C | B80: Prêmio Cesta Básica - cláusula 9 | D80: 0
A81: D | B81: PCMSO | D81: 0
B82: Provisão Prêmio Cesta Básica -cláusula 9 §7º | D82: =(D80/30*15)/12 -> 0
A83: Total ( A.3 + B.3 + C + D + E + ...) | D83: =SUM(D80:D82)+D76+D79 -> 0
A86: Submódulo 2.4 - Intrajornada Suprimido
A88: 2.4 | B88: Intrajornada Suprimido | D88: Valor (R$)
A89: A | B89: Intrajornada Suprimido
A90: Total | D90: =SUM(D89) -> 0
A93: Quadro-Resumo do Módulo 2 - Encargos, Benefícios (anuais, mensais e diários) e Intrajornada Suprimido
A95: 2 | B95: Encargos e Benefícios Anuais, Mensais e Diários e Intrajornada Suprimido | D95: Valor (R$)
A96: 2.1 | B96: 13º (décimo terceiro) Salário, Férias e Adicional de Férias | D96: =D50 -> 0
A97: 2.2 | B97: GPS, FGTS e outras contribuições | D97: =D68 -> 0
A98: 2.3 | B98: Benefícios Mensais e Diários | D98: =D83 -> 0
A99: 2.4 | B99: Intrajornada Suprimido | D99: =D90 -> 0
A100: Total | D100: =SUM(D96:D99) -> 0
A103: BASE DE CÁLCULO PARA O MÓDULO 3: | C103: MÓDULO 1 | D103: =D36 -> 0
C104: MÓDULO 2.1 | D104: =D50 -> 0
C105: TOTAL | D105: =SUM(D103:D104) -> 0
A107: Módulo 3 - Provisão para Rescisão
A109: 3 | B109: Provisão para Rescisão | C109: Percentual (%) | D109: Valor (R$)
A110: A | B110: Aviso Prévio Indenizado | C110: =1/12*5.55% -> 0.004625 | D110: =ROUND($D$105*C110,2) -> 0
A111: B | B111: Incidência do FGTS sobre o Aviso Prévio Indenizado | C111: =8%*C110 -> 0.00037 | D111: =ROUND($D$105*C111,2) -> 0
A112: C | B112: Multa do FGTS sobre o Aviso Prévio Indenizado | C112: =(8%*40%*5.55%) -> 0.001776 | D112: =ROUND($D$105*C112,2) -> 0
A113: D | B113: Aviso Prévio Trabalhado | C113: =(1/30*7)/12 -> 0.019444444 | D113: =ROUND($D$105*C113,2) -> 0
A114: E | B114: Incidência dos encargos do submódulo 2.2 sobre o Aviso Prévio Trabalhado | C114: =C68*C113 -> 0.0065722222 | D114: =ROUND($D$105*C114,2) -> 0
A115: F | B115: Multa do FGTS sobre o Aviso Prévio Trabalhado | C115: =((0.08*0.4)) -> 0.032 | D115: =ROUND($D$105*C115,2) -> 0
A116: Total | D116: =SUM(D110:D115) -> 0
A119: BASE DE CÁLCULO PARA O MÓDULO 4: MÓDULO 1 + MÓDULO 2.1 + (MÓDULO 2.3 - Aux. Transp. Liq. - Aux. Alimentação Liq.) + MÓDULO 3 | C119: MÓDULO 1 | D119: =D36 -> 0
C120: MÓDULO 2.1 | D120: =D50 -> 0
C121: MÓDULO 2.3* | D121: =D83-D76-D79 -> 0
C122: MÓDULO 3 | D122: =D116 -> 0
C123: TOTAL | D123: =SUM(D119:D122) -> 0
A125: Módulo 4 - Custo de Reposição do Profissional Ausente
A127: Submódulo 4.1 - Substituto nas Ausências Legais
A129: 4.1 | B129: Substituto nas Ausências Legais | C129: Percentual (%) | D129: Valor (R$)
A130: A | B130: Substituto na cobertura de Férias | C130: 0 | D130: =ROUND(C130*$D$123,2) -> 0
A131: B | B131: Substituto na cobertura de Ausências Legais | C131: =ROUND(5.96/365,5) -> 0.01633 | D131: =ROUND(C131*$D$123,2) -> 0
A132: C | B132: Substituto na cobertura de Licença-Paternidade | C132: =(5/30)/12*0.015 -> 0.00020833333 | D132: =ROUND(C132*$D$123,2) -> 0
A133: D | B133: Substituto na cobertura de Ausência por acidente de trabalho | C133: =15/30/12*8% -> 0.0033333333 | D133: =ROUND(C133*$D$123,2) -> 0
A134: E | B134: Substituto na cobertura de Afastamento Maternidade | C134: =0.02*(4/12)/12 -> 0.00055555556 | D134: =ROUND(C134*$D$123,2) -> 0
A135: F | B135: Outros (especificar)
A137: Total | C137: =SUM(C130:C135) -> 0.020427222 | D137: =SUM(D130:D136) -> 0
A139: Submódulo 4.2 - Incidências sobre o Substituto nas Ausências Legais
...

Sheet JARDINEIRO 30H
A2: O modelo a seguir deve ser obrigatoriamente observado por todos os órgãos ou entidades contratantes, podendo ser adaptado às eventuais disposições contrárias constantes em Lei, Acordos, Convenções e Dissídios Coletivos de Trabalho. Na hipótese de adaptação, os órgãos e entidades deverão validar as alterações junto à Secretaria de Estado de Planejamento e Gestão.
A4: Este modelo está arquitetado de acordo com a Instrução Normativa 01, de 17 de janeiro de 2020, da Secretaria de Estado de Planejamento e Gestão de Mato Grosso.
A6: Insira todas as informações necessárias nos campos editáveis destacados com esta cor
A8: PLANILHA DE CUSTOS E FORMAÇÃO DE PREÇOS
A9: MODELO PARA A CONSOLIDAÇÃO E APRESENTAÇÃO DE PROPOSTAS
A11: 1. DISCRIMINAÇÃO DOS SERVIÇOS (DADOS REFERENTES À CONTRATAÇÃO) | F11: Valor ou Percentual Fixo estipulado por Lei ou CCT
F12: Valor Varíável específico de cada Posto de Trabalho
A13: A | B13: Nº do Processo | C13: SEPLAG-PRO-2023/08936
A14: B | B14: Licitação Nº | C14: XXXXX / 2024
A15: C | B15: Data de apresentação da proposta (dia/mês/ano): | C15: XX / XX / 2024
A16: D | B16: Município/UF | C16: CUIABÁ/MT
A17: E | B17: Número de meses de execução contratual: | C17: 24
A18: F | B18: Tipo de Serviço (mesmo serviço com características distintas) | C18: JARDINEIRO - 30 HORAS SEMANAIS
A19: G | B19: Unidade de Medida | C19: POSTO
A20: H | B20: Classificação Brasileira de Ocupações (CBO) | C20: 6220-10
A21: I | B21: Salário Normativo da Categoria Profissional | C21: 0
A22: J | B22: Categoria Profissional (vinculada à execução contratual) | C22: JARDINEIRO
A23: K | B23: Ano Acordo, Convenção ou Dissídio Coletivo | C23: 2024/2024
A24: L | B24: Nº de registro do Acordo, Convenção ou Dissídio Coletivo | C24: MT000075/2024
A25: M | B25: Data-Base da Categoria (dia/mês/ano) | C25: 45292
F27: Fórmulas trazidas pela CCT
A28: Módulo 1 - Composição da Remuneração | F28: Valores que podem Variar de empresa para empresa
A30: 1 | B30: Composição da Remuneração | C30: Percentual (%) | D30: Valor (R$)
A31: A | B31: Salário-Base | D31: =C21 -> 0
A32: B | B32: Gratificação por Assiduidade | D32: 0
A36: Total | D36: =SUM(D31:D35) -> 0
A39: Módulo 2 - Encargos, Benefícios (anuais, mensais e diários) e Intrajornada Suprimido
A41: BASE DE CÁLCULO PARA O MÓDULO 2.1: | C41: MÓDULO 1 | D41: =D36 -> 0
C42: TOTAL | D42: =SUM(D41:D41) -> 0
A44: Submódulo 2.1 - 13º (décimo terceiro) Salário, Férias e Adicional de Férias
A46: 2.1 | B46: 13º (décimo terceiro) Salário, Férias e Adicional de Férias | C46: Percentual (%) | D46: Valor (R$)
A47: A | B47: 13º (décimo terceiro) Salário | C47: =1/12 -> 0.083333333 | D47: =ROUND($D$42*C47,2) -> 0
A48: B | B48: Férias | C48: =1/12 -> 0.083333333 | D48: =ROUND($D$42*C48,2) -> 0
A49: C | B49: Adicional de Férias | C49: =100%/3/12 -> 0.027777778 | D49: =ROUND($D$42*C49,2) -> 0
A50: Total | D50: =SUM(D47:D49) -> 0
A53: BASE DE CÁLCULO PARA O MÓDULO 2.2: | C53: MÓDULO 1 | D53: =D36 -> 0
C54: MÓDULO 2.1 | D54: =D50 -> 0
C55: TOTAL | D55: =SUM(D53:D54) -> 0
A57: Submódulo 2.2 - Encargos Previdenciários (GPS), Fundo de Garantia por Tempo de Serviço (FGTS) e outras contribuições.
A59: 2.2 | B59: GPS, FGTS e outras contribuições | C59: Percentual (%) | D59: Valor (R$)
A60: A | B60: INSS | C60: 0.2 | D60: =ROUND($D$55*C60,2) -> 0
A61: B | B61: Salário Educação | C61: 0.025 | D61: =ROUND($D$55*C61,2) -> 0
A62: C | B62: RAT x FAP | C62: 0 | D62: =ROUND($D$55*C62,2) -> 0
A63: D | B63: SESC ou SESI | C63: 0.015 | D63: =ROUND($D$55*C63,2) -> 0
A64: E | B64: SENAI - SENAC | C64: 0.01 | D64: =ROUND($D$55*C64,2) -> 0
A65: F | B65: SEBRAE | C65: 0.006 | D65: =ROUND($D$55*C65,2) -> 0
A66: G | B66: INCRA | C66: 0.002 | D66: =ROUND($D$55*C66,2) -> 0
A67: H | B67: FGTS | C67: 0.08 | D67: =ROUND($D$55*C67,2) -> 0
A68: Total | C68: =SUM(C60:C67) -> 0.338 | D68: =SUM(D60:D67) -> 0
A71: Submódulo 2.3 - Benefícios Mensais e Diários.
A73: 2.3 | B73: Benefícios Mensais e Diários | D73: Valor (R$)
A74: A.1 | B74: Auxílio Transporte Bruto | D74: =2*0*21 -> 0
A75: A.2 | B75: (-) Dedução do Vale Transporte | D75: =IF(D74<=0,"0,00",IF(ROUND(D31*6%,2)>D74,D74,ROUND(D31*6%,2))) -> 0,00
A76: A.3 | B76: Auxílio Transporte Líquido ( A.1 - A.2 ) | D76: =D74-D75 -> 0
A77: B.1 | B77: Auxílio-Refeição/Alimentação Bruto | D77: =0*21 -> 0
A78: B.2 | B78: (-) Dedução do Auxílio-Refeição/Alimentação | D78: =D77*0.05 -> 0
A79: B.3 | B79: Auxílio-Refeição/Alimentação Líquido ( B.1 - B.2 ) | D79: =D77-D78 -> 0
A80: C | B80: Prêmio Cesta Básica - cláusula 9 | D80: 0
A81: D | B81: PCMSO | D81: 0
B82: Provisão Prêmio Cesta Básica -cláusula 9 §7º | D82: =(D80/30*15)/12 -> 0
A83: Total ( A.3 + B.3 + C + D + E + ...) | D83: =SUM(D80:D82)+D76+D79 -> 0
A86: Submódulo 2.4 - Intrajornada Suprimido
A88: 2.4 | B88: Intrajornada Suprimido | D88: Valor (R$)
A89: A | B89: Intrajornada Suprimido
A90: Total | D90: =SUM(D89) -> 0
A93: Quadro-Resumo do Módulo 2 - Encargos, Benefícios (anuais, mensais e diários) e Intrajornada Suprimido
A95: 2 | B95: Encargos e Benefícios Anuais, Mensais e Diários e Intrajornada Suprimido | D95: Valor (R$)
A96: 2.1 | B96: 13º (décimo terceiro) Salário, Férias e Adicional de Férias | D96: =D50 -> 0
A97: 2.2 | B97: GPS, FGTS e outras contribuições | D97: =D68 -> 0
A98: 2.3 | B98: Benefícios Mensais e Diários | D98: =D83 -> 0
A99: 2.4 | B99: Intrajornada Suprimido | D99: =D90 -> 0
A100: Total | D100: =SUM(D96:D99) -> 0
A103: BASE DE CÁLCULO PARA O MÓDULO 3: | C103: MÓDULO 1 | D103: =D36 -> 0
C104: MÓDULO 2.1 | D104: =D50 -> 0
C105: TOTAL | D105: =SUM(D103:D104) -> 0
A107: Módulo 3 - Provisão para Rescisão
A109: 3 | B109: Provisão para Rescisão | C109: Percentual (%) | D109: Valor (R$)
A110: A | B110: Aviso Prévio Indenizado | C110: =1/12*5.55% -> 0.004625 | D110: =ROUND($D$105*C110,2) -> 0
A111: B | B111: Incidência do FGTS sobre o Aviso Prévio Indenizado | C111: =8%*C110 -> 0.00037 | D111: =ROUND($D$105*C111,2) -> 0
A112: C | B112: Multa do FGTS sobre o Aviso Prévio Indenizado | C112: =(8%*40%*5.55%) -> 0.001776 | D112: =ROUND($D$105*C112,2) -> 0
A113: D | B113: Aviso Prévio Trabalhado | C113: =(1/30*7)/12 -> 0.019444444 | D113: =ROUND($D$105*C113,2) -> 0
A114: E | B114: Incidência dos encargos do submódulo 2.2 sobre o Aviso Prévio Trabalhado | C114: =C68*C113 -> 0.0065722222 | D114: =ROUND($D$105*C114,2) -> 0
A115: F | B115: Multa do FGTS sobre o Aviso Prévio Trabalhado | C115: =((0.08*0.4)) -> 0.032 | D115: =ROUND($D$105*C115,2) -> 0
A116: Total | D116: =SUM(D110:D115) -> 0
A119: BASE DE CÁLCULO PARA O MÓDULO 4: MÓDULO 1 + MÓDULO 2.1 + (MÓDULO 2.3 - Aux. Transp. Liq. - Aux. Alimentação Liq.) + MÓDULO 3 | C119: MÓDULO 1 | D119: =D36 -> 0
C120: MÓDULO 2.1 | D120: =D50 -> 0
C121: MÓDULO 2.3* | D121: =D83-D76-D79 -> 0
C122: MÓDULO 3 | D122: =D116 -> 0
C123: TOTAL | D123: =SUM(D119:D122) -> 0
A125: Módulo 4 - Custo de Reposição do Profissional Ausente
A127: Submódulo 4.1 - Substituto nas Ausências Legais
A129: 4.1 | B129: Substituto nas Ausências Legais | C129: Percentual (%) | D129: Valor (R$)
A130: A | B130: Substituto na cobertura de Férias | C130: 0 | D130: =ROUND(C130*$D$123,2) -> 0
A131: B | B131: Substituto na cobertura de Ausências Legais | C131: =ROUND(5.96/365,5) -> 0.01633 | D131: =ROUND(C131*$D$123,2) -> 0
A132: C | B132: Substituto na cobertura de Licença-Paternidade | C132: =(5/30)/12*0.015 -> 0.00020833333 | D132: =ROUND(C132*$D$123,2) -> 0
A133: D | B133: Substituto na cobertura de Ausência por acidente de trabalho | C133: =15/30/12*8% -> 0.0033333333 | D133: =ROUND(C133*$D$123,2) -> 0
A134: E | B134: Substituto na cobertura de Afastamento Maternidade | C134: =0.02*(4/12)/12 -> 0.00055555556 | D134: =ROUND(C134*$D$123,2) -> 0
A135: F | B135: Outros (especificar)
A137: Total | C137: =SUM(C130:C135) -> 0.020427222 | D137: =SUM(D130:D136) -> 0
A139: Submódulo 4.2 - Incidências sobre o Substituto nas Ausências Legais
...

Sheet AUX. JARDINEIRO 40H 
A2: O modelo a seguir deve ser obrigatoriamente observado por todos os órgãos ou entidades contratantes, podendo ser adaptado às eventuais disposições contrárias constantes em Lei, Acordos, Convenções e Dissídios Coletivos de Trabalho. Na hipótese de adaptação, os órgãos e entidades deverão validar as alterações junto à Secretaria de Estado de Planejamento e Gestão.
A4: Este modelo está arquitetado de acordo com a Instrução Normativa 01, de 17 de janeiro de 2020, da Secretaria de Estado de Planejamento e Gestão de Mato Grosso.
A6: Insira todas as informações necessárias nos campos editáveis destacados com esta cor
A8: PLANILHA DE CUSTOS E FORMAÇÃO DE PREÇOS
A9: MODELO PARA A CONSOLIDAÇÃO E APRESENTAÇÃO DE PROPOSTAS
A11: 1. DISCRIMINAÇÃO DOS SERVIÇOS (DADOS REFERENTES À CONTRATAÇÃO) | F11: Valor ou Percentual Fixo estipulado por Lei ou CCT
F12: Valor Varíável específico de cada Posto de Trabalho
A13: A | B13: Nº do Processo | C13: SEPLAG-PRO-2023/08936
A14: B | B14: Licitação Nº | C14: XXXXX / 2024
A15: C | B15: Data de apresentação da proposta (dia/mês/ano): | C15: XX / XX / 2024
A16: D | B16: Município/UF | C16: CUIABÁ/MT
A17: E | B17: Número de meses de execução contratual: | C17: 24
A18: F | B18: Tipo de Serviço (mesmo serviço com características distintas) | C18: AUXILIAR DE JARDINEIRO - 40 HORAS SEMANAIS
A19: G | B19: Unidade de Medida | C19: POSTO
A20: H | B20: Classificação Brasileira de Ocupações (CBO) | C20: 9922-25
A21: I | B21: Salário Normativo da Categoria Profissional | C21: 0
A22: J | B22: Categoria Profissional (vinculada à execução contratual) | C22: AUXILIAR DE JARDINEIRO
A23: K | B23: Ano Acordo, Convenção ou Dissídio Coletivo | C23: 2024/2024
A24: L | B24: Nº de registro do Acordo, Convenção ou Dissídio Coletivo | C24: MT000075/2024
A25: M | B25: Data-Base da Categoria (dia/mês/ano) | C25: 45292
F27: Fórmulas trazidas pela CCT
A28: Módulo 1 - Composição da Remuneração | F28: Valores que podem Variar de empresa para empresa
A30: 1 | B30: Composição da Remuneração | C30: Percentual (%) | D30: Valor (R$)
A31: A | B31: Salário-Base | D31: =C21 -> 0
A32: B | B32: Gratificação por Assiduidade | D32: 0
A36: Total | D36: =SUM(D31:D35) -> 0
A39: Módulo 2 - Encargos, Benefícios (anuais, mensais e diários) e Intrajornada Suprimido
A41: BASE DE CÁLCULO PARA O MÓDULO 2.1: | C41: MÓDULO 1 | D41: =D36 -> 0
C42: TOTAL | D42: =SUM(D41:D41) -> 0
A44: Submódulo 2.1 - 13º (décimo terceiro) Salário, Férias e Adicional de Férias
A46: 2.1 | B46: 13º (décimo terceiro) Salário, Férias e Adicional de Férias | C46: Percentual (%) | D46: Valor (R$)
A47: A | B47: 13º (décimo terceiro) Salário | C47: =1/12 -> 0.083333333 | D47: =ROUND($D$42*C47,2) -> 0
A48: B | B48: Férias | C48: =1/12 -> 0.083333333 | D48: =ROUND($D$42*C48,2) -> 0
A49: C | B49: Adicional de Férias | C49: =100%/3/12 -> 0.027777778 | D49: =ROUND($D$42*C49,2) -> 0
A50: Total | D50: =SUM(D47:D49) -> 0
A53: BASE DE CÁLCULO PARA O MÓDULO 2.2: | C53: MÓDULO 1 | D53: =D36 -> 0
C54: MÓDULO 2.1 | D54: =D50 -> 0
C55: TOTAL | D55: =SUM(D53:D54) -> 0
A57: Submódulo 2.2 - Encargos Previdenciários (GPS), Fundo de Garantia por Tempo de Serviço (FGTS) e outras contribuições.
A59: 2.2 | B59: GPS, FGTS e outras contribuições | C59: Percentual (%) | D59: Valor (R$)
A60: A | B60: INSS | C60: 0.2 | D60: =ROUND($D$55*C60,2) -> 0
A61: B | B61: Salário Educação | C61: 0.025 | D61: =ROUND($D$55*C61,2) -> 0
A62: C | B62: RAT x FAP | C62: 0 | D62: =ROUND($D$55*C62,2) -> 0
A63: D | B63: SESC ou SESI | C63: 0.015 | D63: =ROUND($D$55*C63,2) -> 0
A64: E | B64: SENAI - SENAC | C64: 0.01 | D64: =ROUND($D$55*C64,2) -> 0
A65: F | B65: SEBRAE | C65: 0.006 | D65: =ROUND($D$55*C65,2) -> 0
A66: G | B66: INCRA | C66: 0.002 | D66: =ROUND($D$55*C66,2) -> 0
A67: H | B67: FGTS | C67: 0.08 | D67: =ROUND($D$55*C67,2) -> 0
A68: Total | C68: =SUM(C60:C67) -> 0.338 | D68: =SUM(D60:D67) -> 0
A71: Submódulo 2.3 - Benefícios Mensais e Diários.
A73: 2.3 | B73: Benefícios Mensais e Diários | D73: Valor (R$)
A74: A.1 | B74: Auxílio Transporte Bruto | D74: =2*0*21 -> 0
A75: A.2 | B75: (-) Dedução do Vale Transporte | D75: =IF(D74<=0,"0,00",IF(ROUND(D31*6%,2)>D74,D74,ROUND(D31*6%,2))) -> 0,00
A76: A.3 | B76: Auxílio Transporte Líquido ( A.1 - A.2 ) | D76: =D74-D75 -> 0
A77: B.1 | B77: Auxílio-Refeição/Alimentação Bruto | D77: =0*21 -> 0
A78: B.2 | B78: (-) Dedução do Auxílio-Refeição/Alimentação | D78: =D77*0.05 -> 0
A79: B.3 | B79: Auxílio-Refeição/Alimentação Líquido ( B.1 - B.2 ) | D79: =D77-D78 -> 0
A80: C | B80: Prêmio Cesta Básica - cláusula 9 | D80: 0
A81: D | B81: PCMSO | D81: 0
B82: Provisão Prêmio Cesta Básica -cláusula 9 §7º | D82: =(D80/30*15)/12 -> 0
A83: Total ( A.3 + B.3 + C + D + E + ...) | D83: =SUM(D80:D82)+D76+D79 -> 0
A86: Submódulo 2.4 - Intrajornada Suprimido
A88: 2.4 | B88: Intrajornada Suprimido | D88: Valor (R$)
A89: A | B89: Intrajornada Suprimido
A90: Total | D90: =SUM(D89) -> 0
A93: Quadro-Resumo do Módulo 2 - Encargos, Benefícios (anuais, mensais e diários) e Intrajornada Suprimido
A95: 2 | B95: Encargos e Benefícios Anuais, Mensais e Diários e Intrajornada Suprimido | D95: Valor (R$)
A96: 2.1 | B96: 13º (décimo terceiro) Salário, Férias e Adicional de Férias | D96: =D50 -> 0
A97: 2.2 | B97: GPS, FGTS e outras contribuições | D97: =D68 -> 0
A98: 2.3 | B98: Benefícios Mensais e Diários | D98: =D83 -> 0
A99: 2.4 | B99: Intrajornada Suprimido | D99: =D90 -> 0
A100: Total | D100: =SUM(D96:D99) -> 0
A103: BASE DE CÁLCULO PARA O MÓDULO 3: | C103: MÓDULO 1 | D103: =D36 -> 0
C104: MÓDULO 2.1 | D104: =D50 -> 0
C105: TOTAL | D105: =SUM(D103:D104) -> 0
A107: Módulo 3 - Provisão para Rescisão
A109: 3 | B109: Provisão para Rescisão | C109: Percentual (%) | D109: Valor (R$)
A110: A | B110: Aviso Prévio Indenizado | C110: =1/12*5.55% -> 0.004625 | D110: =ROUND($D$105*C110,2) -> 0
A111: B | B111: Incidência do FGTS sobre o Aviso Prévio Indenizado | C111: =8%*C110 -> 0.00037 | D111: =ROUND($D$105*C111,2) -> 0
A112: C | B112: Multa do FGTS sobre o Aviso Prévio Indenizado | C112: =(8%*40%*5.55%) -> 0.001776 | D112: =ROUND($D$105*C112,2) -> 0
A113: D | B113: Aviso Prévio Trabalhado | C113: =(1/30*7)/12 -> 0.019444444 | D113: =ROUND($D$105*C113,2) -> 0
A114: E | B114: Incidência dos encargos do submódulo 2.2 sobre o Aviso Prévio Trabalhado | C114: =C68*C113 -> 0.0065722222 | D114: =ROUND($D$105*C114,2) -> 0
A115: F | B115: Multa do FGTS sobre o Aviso Prévio Trabalhado | C115: =((0.08*0.4)) -> 0.032 | D115: =ROUND($D$105*C115,2) -> 0
A116: Total | D116: =SUM(D110:D115) -> 0
A119: BASE DE CÁLCULO PARA O MÓDULO 4: MÓDULO 1 + MÓDULO 2.1 + (MÓDULO 2.3 - Aux. Transp. Liq. - Aux. Alimentação Liq.) + MÓDULO 3 | C119: MÓDULO 1 | D119: =D36 -> 0
C120: MÓDULO 2.1 | D120: =D50 -> 0
C121: MÓDULO 2.3* | D121: =D83-D76-D79 -> 0
C122: MÓDULO 3 | D122: =D116 -> 0
C123: TOTAL | D123: =SUM(D119:D122) -> 0
A125: Módulo 4 - Custo de Reposição do Profissional Ausente
A127: Submódulo 4.1 - Substituto nas Ausências Legais
A129: 4.1 | B129: Substituto nas Ausências Legais | C129: Percentual (%) | D129: Valor (R$)
A130: A | B130: Substituto na cobertura de Férias | C130: 0 | D130: =ROUND(C130*$D$123,2) -> 0
A131: B | B131: Substituto na cobertura de Ausências Legais | C131: =ROUND(5.96/365,5) -> 0.01633 | D131: =ROUND(C131*$D$123,2) -> 0
A132: C | B132: Substituto na cobertura de Licença-Paternidade | C132: =(5/30)/12*0.015 -> 0.00020833333 | D132: =ROUND(C132*$D$123,2) -> 0
A133: D | B133: Substituto na cobertura de Ausência por acidente de trabalho | C133: =15/30/12*8% -> 0.0033333333 | D133: =ROUND(C133*$D$123,2) -> 0
A134: E | B134: Substituto na cobertura de Afastamento Maternidade | C134: =0.02*(4/12)/12 -> 0.00055555556 | D134: =ROUND(C134*$D$123,2) -> 0
A135: F | B135: Outros (especificar)
A137: Total | C137: =SUM(C130:C135) -> 0.020427222 | D137: =SUM(D130:D136) -> 0
A139: Submódulo 4.2 - Incidências sobre o Substituto nas Ausências Legais
...

Sheet AUX. JARDINEIRO 30H
A2: O modelo a seguir deve ser obrigatoriamente observado por todos os órgãos ou entidades contratantes, podendo ser adaptado às eventuais disposições contrárias constantes em Lei, Acordos, Convenções e Dissídios Coletivos de Trabalho. Na hipótese de adaptação, os órgãos e entidades deverão validar as alterações junto à Secretaria de Estado de Planejamento e Gestão.
A4: Este modelo está arquitetado de acordo com a Instrução Normativa 01, de 17 de janeiro de 2020, da Secretaria de Estado de Planejamento e Gestão de Mato Grosso.
A6: Insira todas as informações necessárias nos campos editáveis destacados com esta cor
A8: PLANILHA DE CUSTOS E FORMAÇÃO DE PREÇOS
A9: MODELO PARA A CONSOLIDAÇÃO E APRESENTAÇÃO DE PROPOSTAS
A11: 1. DISCRIMINAÇÃO DOS SERVIÇOS (DADOS REFERENTES À CONTRATAÇÃO) | F11: Valor ou Percentual Fixo estipulado por Lei ou CCT
F12: Valor Varíável específico de cada Posto de Trabalho
A13: A | B13: Nº do Processo | C13: SEPLAG-PRO-2023/08936
A14: B | B14: Licitação Nº | C14: XXXXX / 2024
A15: C | B15: Data de apresentação da proposta (dia/mês/ano): | C15: XX / XX / 2024
A16: D | B16: Município/UF | C16: CUIABÁ/MT
A17: E | B17: Número de meses de execução contratual: | C17: 24
A18: F | B18: Tipo de Serviço (mesmo serviço com características distintas) | C18: AUXILIAR DE JARDINEIRO - 30 HORAS SEMANAIS
A19: G | B19: Unidade de Medida | C19: POSTO
A20: H | B20: Classificação Brasileira de Ocupações (CBO) | C20: 9922-25
A21: I | B21: Salário Normativo da Categoria Profissional | C21: 0
A22: J | B22: Categoria Profissional (vinculada à execução contratual) | C22: AUXILIAR DE JARDINEIRO
A23: K | B23: Ano Acordo, Convenção ou Dissídio Coletivo | C23: 2024/2024
A24: L | B24: Nº de registro do Acordo, Convenção ou Dissídio Coletivo | C24: MT000075/2024
A25: M | B25: Data-Base da Categoria (dia/mês/ano) | C25: 45292
F27: Fórmulas trazidas pela CCT
A28: Módulo 1 - Composição da Remuneração | F28: Valores que podem Variar de empresa para empresa
A30: 1 | B30: Composição da Remuneração | C30: Percentual (%) | D30: Valor (R$)
A31: A | B31: Salário-Base | D31: =C21 -> 0
A32: B | B32: Gratificação por Assiduidade | D32: 0
A36: Total | D36: =SUM(D31:D35) -> 0
A39: Módulo 2 - Encargos, Benefícios (anuais, mensais e diários) e Intrajornada Suprimido
A41: BASE DE CÁLCULO PARA O MÓDULO 2.1: | C41: MÓDULO 1 | D41: =D36 -> 0
C42: TOTAL | D42: =SUM(D41:D41) -> 0
A44: Submódulo 2.1 - 13º (décimo terceiro) Salário, Férias e Adicional de Férias
A46: 2.1 | B46: 13º (décimo terceiro) Salário, Férias e Adicional de Férias | C46: Percentual (%) | D46: Valor (R$)
A47: A | B47: 13º (décimo terceiro) Salário | C47: =1/12 -> 0.083333333 | D47: =ROUND($D$42*C47,2) -> 0
A48: B | B48: Férias | C48: =1/12 -> 0.083333333 | D48: =ROUND($D$42*C48,2) -> 0
A49: C | B49: Adicional de Férias | C49: =100%/3/12 -> 0.027777778 | D49: =ROUND($D$42*C49,2) -> 0
A50: Total | D50: =SUM(D47:D49) -> 0
A53: BASE DE CÁLCULO PARA O MÓDULO 2.2: | C53: MÓDULO 1 | D53: =D36 -> 0
C54: MÓDULO 2.1 | D54: =D50 -> 0
C55: TOTAL | D55: =SUM(D53:D54) -> 0
A57: Submódulo 2.2 - Encargos Previdenciários (GPS), Fundo de Garantia por Tempo de Serviço (FGTS) e outras contribuições.
A59: 2.2 | B59: GPS, FGTS e outras contribuições | C59: Percentual (%) | D59: Valor (R$)
A60: A | B60: INSS | C60: 0.2 | D60: =ROUND($D$55*C60,2) -> 0
A61: B | B61: Salário Educação | C61: 0.025 | D61: =ROUND($D$55*C61,2) -> 0
A62: C | B62: RAT x FAP | C62: 0 | D62: =ROUND($D$55*C62,2) -> 0
A63: D | B63: SESC ou SESI | C63: 0.015 | D63: =ROUND($D$55*C63,2) -> 0
A64: E | B64: SENAI - SENAC | C64: 0.01 | D64: =ROUND($D$55*C64,2) -> 0
A65: F | B65: SEBRAE | C65: 0.006 | D65: =ROUND($D$55*C65,2) -> 0
A66: G | B66: INCRA | C66: 0.002 | D66: =ROUND($D$55*C66,2) -> 0
A67: H | B67: FGTS | C67: 0.08 | D67: =ROUND($D$55*C67,2) -> 0
A68: Total | C68: =SUM(C60:C67) -> 0.338 | D68: =SUM(D60:D67) -> 0
A71: Submódulo 2.3 - Benefícios Mensais e Diários.
A73: 2.3 | B73: Benefícios Mensais e Diários | D73: Valor (R$)
A74: A.1 | B74: Auxílio Transporte Bruto | D74: =2*0*21 -> 0
A75: A.2 | B75: (-) Dedução do Vale Transporte | D75: =IF(D74<=0,"0,00",IF(ROUND(D31*6%,2)>D74,D74,ROUND(D31*6%,2))) -> 0,00
A76: A.3 | B76: Auxílio Transporte Líquido ( A.1 - A.2 ) | D76: =D74-D75 -> 0
A77: B.1 | B77: Auxílio-Refeição/Alimentação Bruto | D77: =0*21 -> 0
A78: B.2 | B78: (-) Dedução do Auxílio-Refeição/Alimentação | D78: =D77*0.05 -> 0
A79: B.3 | B79: Auxílio-Refeição/Alimentação Líquido ( B.1 - B.2 ) | D79: =D77-D78 -> 0
A80: C | B80: Prêmio Cesta Básica - cláusula 9 | D80: 0
A81: D | B81: PCMSO | D81: 0
B82: Provisão Prêmio Cesta Básica -cláusula 9 §7º | D82: =(D80/30*15)/12 -> 0
A83: Total ( A.3 + B.3 + C + D + E + ...) | D83: =SUM(D80:D82)+D76+D79 -> 0
A86: Submódulo 2.4 - Intrajornada Suprimido
A88: 2.4 | B88: Intrajornada Suprimido | D88: Valor (R$)
A89: A | B89: Intrajornada Suprimido
A90: Total | D90: =SUM(D89) -> 0
A93: Quadro-Resumo do Módulo 2 - Encargos, Benefícios (anuais, mensais e diários) e Intrajornada Suprimido
A95: 2 | B95: Encargos e Benefícios Anuais, Mensais e Diários e Intrajornada Suprimido | D95: Valor (R$)
A96: 2.1 | B96: 13º (décimo terceiro) Salário, Férias e Adicional de Férias | D96: =D50 -> 0
A97: 2.2 | B97: GPS, FGTS e outras contribuições | D97: =D68 -> 0
A98: 2.3 | B98: Benefícios Mensais e Diários | D98: =D83 -> 0
A99: 2.4 | B99: Intrajornada Suprimido | D99: =D90 -> 0
A100: Total | D100: =SUM(D96:D99) -> 0
A103: BASE DE CÁLCULO PARA O MÓDULO 3: | C103: MÓDULO 1 | D103: =D36 -> 0
C104: MÓDULO 2.1 | D104: =D50 -> 0
C105: TOTAL | D105: =SUM(D103:D104) -> 0
A107: Módulo 3 - Provisão para Rescisão
A109: 3 | B109: Provisão para Rescisão | C109: Percentual (%) | D109: Valor (R$)
A110: A | B110: Aviso Prévio Indenizado | C110: =1/12*5.55% -> 0.004625 | D110: =ROUND($D$105*C110,2) -> 0
A111: B | B111: Incidência do FGTS sobre o Aviso Prévio Indenizado | C111: =8%*C110 -> 0.00037 | D111: =ROUND($D$105*C111,2) -> 0
A112: C | B112: Multa do FGTS sobre o Aviso Prévio Indenizado | C112: =(8%*40%*5.55%) -> 0.001776 | D112: =ROUND($D$105*C112,2) -> 0
A113: D | B113: Aviso Prévio Trabalhado | C113: =(1/30*7)/12 -> 0.019444444 | D113: =ROUND($D$105*C113,2) -> 0
A114: E | B114: Incidência dos encargos do submódulo 2.2 sobre o Aviso Prévio Trabalhado | C114: =C68*C113 -> 0.0065722222 | D114: =ROUND($D$105*C114,2) -> 0
A115: F | B115: Multa do FGTS sobre o Aviso Prévio Trabalhado | C115: =((0.08*0.4)) -> 0.032 | D115: =ROUND($D$105*C115,2) -> 0
A116: Total | D116: =SUM(D110:D115) -> 0
A119: BASE DE CÁLCULO PARA O MÓDULO 4: MÓDULO 1 + MÓDULO 2.1 + (MÓDULO 2.3 - Aux. Transp. Liq. - Aux. Alimentação Liq.) + MÓDULO 3 | C119: MÓDULO 1 | D119: =D36 -> 0
C120: MÓDULO 2.1 | D120: =D50 -> 0
C121: MÓDULO 2.3* | D121: =D83-D76-D79 -> 0
C122: MÓDULO 3 | D122: =D116 -> 0
C123: TOTAL | D123: =SUM(D119:D122) -> 0
A125: Módulo 4 - Custo de Reposição do Profissional Ausente
A127: Submódulo 4.1 - Substituto nas Ausências Legais
A129: 4.1 | B129: Substituto nas Ausências Legais | C129: Percentual (%) | D129: Valor (R$)
A130: A | B130: Substituto na cobertura de Férias | C130: 0 | D130: =ROUND(C130*$D$123,2) -> 0
A131: B | B131: Substituto na cobertura de Ausências Legais | C131: =ROUND(5.96/365,5) -> 0.01633 | D131: =ROUND(C131*$D$123,2) -> 0
A132: C | B132: Substituto na cobertura de Licença-Paternidade | C132: =(5/30)/12*0.015 -> 0.00020833333 | D132: =ROUND(C132*$D$123,2) -> 0
A133: D | B133: Substituto na cobertura de Ausência por acidente de trabalho | C133: =15/30/12*8% -> 0.0033333333 | D133: =ROUND(C133*$D$123,2) -> 0
A134: E | B134: Substituto na cobertura de Afastamento Maternidade | C134: =0.02*(4/12)/12 -> 0.00055555556 | D134: =ROUND(C134*$D$123,2) -> 0
A135: F | B135: Outros (especificar)
A137: Total | C137: =SUM(C130:C135) -> 0.020427222 | D137: =SUM(D130:D136) -> 0
A139: Submódulo 4.2 - Incidências sobre o Substituto nas Ausências Legais
...

Sheet UNIFORME JARDINAGEM
A2: UNIFORME JARDINEIRO E AUXILIAR DE JARDINAGEM
A3: ITEM | B3: DESCRIÇÃO DO PRODUTO | F3: UNIDADE DE MEDIDA | G3: QT ANUAL | H3: VALOR UNIT | I3: PREÇO TOTAL
A4: 1 | B4: Camisa UV com proteção solar, manga longa, com logo da empresa pintado/bordado. | F4: unidade | G4: 4 | H4: 0 | I4: =G4*H4 -> 0
A5: 2 | B5: Calça brim com elástico com 04 bolsos | F5: unidade | G5: 4 | H5: 0 | I5: =G5*H5 -> 0
A6: 3 | B6: Pares de sapatos profissional antiderrapante apropriado para realização serviços de jardinagem | F6: par | G6: 2 | H6: 0 | I6: =G6*H6 -> 0
A7: 4 | B7: Pares de meias em algodão | F7: par | G7: 4 | H7: 0 | I7: =G7*H7 -> 0
A8: 5 | B8: Crachá de identidficação funcional com impressões de feto, logo e informações adicionais | F8: unidade | G8: 1 | H8: 0 | I8: =G8*H8 -> 0
A9: 6 | B9: Chapéu australiano com proteção total de orelha com logo da empresa pintado/bordado | F9: unidade | G9: 4 | H9: 0 | I9: =G9*H9 -> 0
A10: 7 | B10: Protetor facial para cortar grama | F10: unidade | G10: 4 | H10: 0 | I10: =G10*H10 -> 0
A11: 8 | B11: Protetor auricular auditivo | F11: unidade | G11: 12 | H11: 0 | I11: =G11*H11 -> 0
A12: 9 | B12: Pares de luvas de vaqueta | F12: unidade | G12: 4 | H12: 0 | I12: =G12*H12 -> 0
A13: TOTAL ANUAL POR FUNCIONÁRIO | I13: =SUM(I4:I12) -> 0
A14: TOTAL MENSAL POR FUNCIONÁRIO | I14: =(I13/12)*1.1131 -> 0

Sheet MATERIAL JARDINAGEM
A2: ESTIMATIVA DE CONSUMO DE INSUMOS DE JARDINAGEM A SEREM FORNECIDOS JARDINEIRO E AUX DE JARDINEIRO | B2: UNIDADE DE FORNECIMENTO | C2: COEFICIENTE MÉDIO (A) | E2: VALOR UNITÁRIO (B) | F2: VALOR TOTAL (A x B)
A3: Combustível para roçadeira (gasolina) | B3: litro | C3: 10.36 | E3: 0 | F3: =E3*C3 -> 0
A4: Terra preta | B4: kg | C4: 25 | E4: 0 | F4: =E4*C4 -> 0
A5: Adubo/fertilizante | B5: kg | C5: 2.5 | E5: 0 | F5: =E5*C5 -> 0
A6: Fio de nylon redondo para roçadeira de grama | B6: kg | C6: 6 | E6: 0 | F6: =E6*C6 -> 0
A7: VALOR TOTAL | F7: =SUM(F3:F6) -> 0
A8: QUANTIDADE DE JARDINEIRO/AUXILIAR JARDINEIRO | E8: 241
A9: RATEIO POR JARDINEIRO E AUXILIAR A SER LANÇADO NA PLANILHA | E9: =(F7/E8)*1.1131 -> 0
A13: ESTIMATIVA DE CONSUMO DOS MATERIAIS DE APOIO A SEREM FORNECIDOS JARDINEIRO E AUX DE JARDINEIRO | B13: UNIDADE DE FORNECIMENTO | C13: COEFICIENTE MÉDIO (A) | E13: VALOR UNITÁRIO (B) | F13: VALOR TOTAL (A x B)
A14: Rastelo plástico com cabo | B14: unidade | C14: 2 | E14: 0 | F14: =E14*C14 -> 0
A15: Rastelo metálico com cabo | B15: unidade | C15: 1.84 | E15: 0 | F15: =E15*C15 -> 0
A16: Tela de proteção para corte de grama | B16: metro | C16: 0.5 | E16: 0 | F16: =E16*C16 -> 0
A17: Vassourão tipo gari, acompanha cabo | B17: unidade | C17: 1.67 | E17: 0 | F17: =E17*C17 -> 0
A18: Lima para amolar facão | B18: unidade | C18: 0.67 | E18: 0 | F18: =E18*C18 -> 0
A19: VALOR TOTAL | F19: =SUM(F14:F18) -> 0
A20: QUANTIDADE DE JARDINEIRO/AUXILIAR JARDINEIRO | E20: 241
A21: RATEIO POR JARDINEIRO E AUXILIAR A SER LANÇADO NA PLANILHA | E21: =(F19/E20)*1.1131 -> 0

Sheet EQUIPAMENTO JARDINAGEM
A2: RELAÇÃO DOS EQUIPAMENTOS DE APOIO AOS JARDINEIRO E AUX DE JARDINEIRO | B2: UNIDADE DE FORNECIMENTO | C2: COEFICIENTE MÉDIO (A) | E2: VALOR UNITÁRIO (B) | F2: VALOR TOTAL (A x B)
A3: Enxada com cabo | B3: unidade | C3: 2 | E3: 0 | F3: =E3*C3 -> 0
A4: Enxadão com cabo | B4: unidade | C4: 0.5 | E4: 0 | F4: =E4*C4 -> 0
A5: Enxadeco com cabo para jardinagem | B5: unidade | C5: 0.05 | E5: 0 | F5: =E5*C5 -> 0
A6: Facão grande | B6: unidade | C6: 0.35 | E6: 0 | F6: =E6*C6 -> 0
A7: Carro de mão metálico com roda de pneu (carriola) | B7: unidade | C7: 0.67 | E7: 0 | F7: =E7*C7 -> 0
A8: Foice com cabo | B8: unidade | C8: 0.33 | E8: 0 | F8: =E8*C8 -> 0
A9: Machado com cabo | B9: unidade | C9: 0.33 | E9: 0 | F9: =E9*C9 -> 0
A10: Motossera | B10: unidade | C10: 0.27 | E10: 0 | F10: =E10*C10 -> 0
A11: Podador de galhos a gasolina | B11: unidade | C11: 0.27 | E11: 0 | F11: =E11*C11 -> 0
A12: Roçadeira para corte de grama | B12: unidade | C12: 0.37 | E12: 0 | F12: =E12*C12 -> 0
A13: Soprador de folhas | B13: unidade | C13: 0.67 | E13: 0 | F13: =E13*C13 -> 0
A14: Tesoura grande para poda | B14: unidade | C14: 0.58 | E14: 0 | F14: =E14*C14 -> 0
A15: Tesoura (podão) com cabo | B15: unidade | C15: 0.87 | E15: 0 | F15: =E15*C15 -> 0
A17: VALOR TOTAL | F17: =SUM(F3:F16) -> 0
A18: MANUTENÇÃO (B) = (A x 0,50%) | D18: 0.005 | E18: =F17*D18 -> 0
A19: DEPRECIAÇÃO (C) = (A x 0,50%) | D19: =0.8/96 -> 0.0083333333 | E19: =F17*D19 -> 0
A20: VALOR FINAL A SER LANÇADO NA PLANILHA (B+C) | E20: =SUM(E18:E19)*1.1131 -> 0

Sheet RESUMO CUSTO
A1: QUADRO RESUMO DO VALOR ESTIMADO DA CONTRATAÇÃO
A2: A | B2: B | C2: C | D2: D | E2: E | F2: F | G2: G | H2: H | I2: I | J2: J | K2: K
A3: CODIGO ITEM | B3: DESCRIÇÃO | C3: UNID | D3: JORNADAS | E3: QTD | F3: CUSTO UNITÁRIO | G3: CUSTO POR JORNADA | H3: CUSTO UNITÁRIO DO POSTO (MENSAL) | I3: QTDE DE POSTOS ESTIMADA | J3: CUSTO TOTAL (MENSAL) | K3: CUSTO TOTAL (BIENUAL)
G4: ( E * F ) | H4: (SOMA DOS CUSTOS DAS JORNADAS POR ITEM) | J4: ( H * I ) | K4: ( J * 24 )
A5: 1095390 | B5: SERVIÇO DE ENCARREGADO DE CONTROLE DE FUNCIONÁRIOS INCLUINDO MÃO DE OBRA, ENCARGOS SOCIAIS, INSUMOS, TRIBUTOS E DEMAIS COMPONENTES. COM JORNADA DE 40 (QUARENTA) HORAS SEMANAIS. | C5: POS | D5: 40 HORAS SEMANAIS | E5: 1 | F5: =ENCARREGADO!D210 -> 0 | G5: =F5*E5 -> 0 | H5: =G5*E5 -> 0 | I5: 20 | J5: =I5*H5 -> 0 | K5: =J5*24 -> 0
A6: 1095385 | B6: SERVIÇO ESPECIALIZADO DE SERVENTE DE LIMPEZA INCLUINDO MÃO DE OBRA, ENCARGOS SOCIAIS, INSUMOS, TRIBUTOS E DEMAIS COMPONENTES. COM JORNADA DE 40 (QUARENTA) HORAS SEMANAIS. | C6: POS | D6: 40 HORAS SEMANAIS | E6: 1 | F6: ='SERV. LIMP. 40H'!D210 -> 0 | G6: =F6*E6 -> 0 | H6: =G6*E6 -> 0 | I6: 646 | J6: =I6*H6 -> 0 | K6: =J6*24 -> 0
A7: 1095384 | B7: SERVIÇO ESPECIALIZADO DE SERVENTE DE LIMPEZA INCLUINDO MÃO DE OBRA, ENCARGOS SOCIAIS, INSUMOS, TRIBUTOS E DEMAIS COMPONENTES. COM JORNADA DE 30 (TRINTA) HORAS SEMANAIS. | C7: POS | D7: 30 HORAS SEMANAIS | E7: 1 | F7: ='SERV. LIMP. 30H'!D210 -> 0 | G7: =F7*E7 -> 0 | H7: =G7*E7 -> 0 | I7: 88 | J7: =I7*H7 -> 0 | K7: =J7*24 -> 0
A8: 1095387 | B8: SERVIÇO ESPECIALIZADO DE JARDINEIRO INCLUINDO MÃO DE OBRA, ENCARGOS SOCIAIS, INSUMOS, TRIBUTOS E DEMAIS COMPONENTES. COM JORNADA DE 40 (QUARENTA) HORAS SEMANAIS. | C8: POS | D8: 40 HORAS SEMANAIS | E8: 1 | F8: ='JARDINEIRO 40H'!D210 -> 0 | G8: =F8*E8 -> 0 | H8: =G8*E8 -> 0 | I8: 126 | J8: =I8*H8 -> 0 | K8: =J8*24 -> 0
A9: 1095386 | B9: SERVIÇO ESPECIALIZADO DE JARDINEIRO INCLUINDO MÃO DE OBRA, ENCARGOS SOCIAIS, INSUMOS, TRIBUTOS E DEMAIS COMPONENTES. COM JORNADA DE 30 (TRINTA) HORAS SEMANAIS. | C9: POS | D9: 30 HORAS SEMANAIS | E9: 1 | F9: ='JARDINEIRO 30H'!D210 -> 0 | G9: =F9*E9 -> 0 | H9: =G9*E9 -> 0 | I9: 15 | J9: =I9*H9 -> 0 | K9: =J9*24 -> 0
A10: 1095389 | B10: SERVIÇO ESPECIALIZADO DE AUXILIAR DE JARDINEIRO INCLUINDO MÃO DE OBRA, ENCARGOS SOCIAIS, INSUMOS, TRIBUTOS E DEMAIS COMPONENTES. COM JORNADA DE 40 (QUARENTA) HORAS SEMANAIS. | C10: POS | D10: 40 HORAS SEMANAIS | E10: 1 | F10: ='AUX. JARDINEIRO 40H '!D210 -> 0 | G10: =F10*E10 -> 0 | H10: =G10*E10 -> 0 | I10: 88 | J10: =I10*H10 -> 0 | K10: =J10*24 -> 0
A11: 1095388 | B11: SERVIÇO ESPECIALIZADO DE AUXILIAR DE JARDINEIRO INCLUINDO MÃO DE OBRA, ENCARGOS SOCIAIS, INSUMOS, TRIBUTOS E DEMAIS COMPONENTES. COM JORNADA DE 30 (TRINTA) HORAS SEMANAIS. | C11: POS | D11: 30 HORAS SEMANAIS | E11: 1 | F11: ='AUX. JARDINEIRO 30H'!D210 -> 0 | G11: =F11*E11 -> 0 | H11: =G11*E11 -> 0 | I11: 12 | J11: =I11*H11 -> 0 | K11: =J11*24 -> 0
D12: TOTAL | I12: =SUM(I5:I11) -> 995 | J12: =SUM(J5:J11) -> 0 | K12: =SUM(K5:K11) -> 0
